Workbook

Sheet Motorista 44h
A1: PLANILHA DE CUSTOS E FORMAÇÃO DE PREÇOS DE SERVIÇOS CONTINUADOS COM DEDICAÇÃO EXCLUSIVA DE MÃO DE OBRA (ANEXO III - DECRETOS 52.768 de 15.12.2015)
A2: PROCESSO: | E2: REGIME DE TRIBUTAÇÃO: LUCRO REAL
A3: LICITAÇÃO/EDITAL | E3: ABERTURA:
A5: Cargo/Função: | D5: Motorista | G5: =IF(D6="12x36","Regime de trabalho:","Quantidade de HORAS/MÊS") -> Quantidade de HORAS/MÊS | I5: =IF(D6="12x36",D6,5*D6) -> 220
A6: =IF(D6="12x36","Regime de trabalho:","Regime de trabalho (horas semanais):") -> Regime de trabalho (horas semanais): | D6: 44
A7: Origem do salário e/ou CCT: | G7: INSALUBRIDADE (10%, 20%, 40%) | I7: Não aplicável
A8: Cidade: | D8: Porto Alegre | G8: PERICULOSIDADE (30%) | I8: Não aplicável
A9: Salário Normativo | G9: =IF(D6="12x36","Vlr. Do salário e Regime de trabalho","Vlr. Do salário e nº de horas correspondentes") -> Vlr. Do salário e nº de horas correspondentes | H9: 220 | I9: 2325.27
A10: ISS | G10: =D8 -> Porto Alegre | H10: Alíquota | I10: 0.05
A11: Tarifa Transporte | G11: CCT | H11: Vr. Unitário | I11: 4.8
H12: Dias | I12: 22
H13: Desconto | I13: 0.06
A14: Auxílio Alimentação (Cláusula 10ª da CCT) | G14: CCT | H14: Vr. Unitário | I14: 31.69
H15: Dias | I15: 22
H16: Desconto | I16: 0.2
A17: Cesta Básica (Cláusula 14ª da CCT e fl. 971 do processo) | G17: CCT | H17: Vr. Unitário | I17: 191
H18: Quantidade | I18: 1
H19: Desconto | I19: 0
A20: Outros | G20: CCT | H20: Valor mensal | I20: Não aplicável
A21: Adicional de Supervisor | H21: Porcentagem | I21: Não aplicável
A22: Base de cálculo da insalubridade: salário normativo proporcional conforme Parecer da PGE/RS nº 18200-20. Atentar-se para a observação 2 do Anexo I - Folha de Dados (CGL 12.1.2). | H22: Valor | I22: Não aplicável
A23: Hora Intervalar | H23: Horas por mês | I23: Não aplicável
A24: Sem fornecimento de materiais ou apenas fornecimento de EPIs ou uniformes, utilizar 10%. Com fornecimento de materiais ou equipamentos, utilizar 20%. (Decreto 52.768/2015, alterado pelo Decreto 53.424/2017) | H24: Porcentagem | I24: 0.1
A26: MONTANTE A
A27: I | B27: Remuneração - Grupo I | H27: % | I27: Valor Mensal/unidade de serviço (R$)
A28: 1 | B28: Salário | H28: =I28/$I$37 -> 1 | I28: =IF(D6="12x36",I9,I9/H9*I5) -> 2325.27
A29: =A28+1 -> 2 | B29: Adicional Noturno 20% (Ver súmula 60 TST) | H29: =I29/$I$37 -> 0 | I29: 0
A30: =A29+1 -> 3 | B30: Adicional Periculosidade 30% (Ver súmulas 364, 132 e 191 do TST) | H30: =I30/$I$37 -> 0 | I30: =IF(I8=30%,I28*I8,0) -> 0
A31: =A30+1 -> 4 | B31: Adicional Insalubridade 10% (Ver súmula 228 e 139 TST) | H31: =I31/$I$37 -> 0 | I31: =IF(I7=10%,I22*I7,0) -> 0
A32: =A31+1 -> 5 | B32: Adicional Insalubridade 20% (Ver súmula 228 e 139 TST) | H32: =I32/$I$37 -> 0 | I32: =IF(I7=20%,I22*I7,0) -> 0
A33: =A32+1 -> 6 | B33: Adicional Insalubridade 40% (Ver súmula 228 e 139 TST) | H33: =I33/$I$37 -> 0 | I33: =IF(I7=40%,I22*I7,0) -> 0
A34: =A33+1 -> 7 | B34: Adicional de Supervisor | H34: =I34/$I$37 -> 0 | I34: =IF(I21="Não aplicável",0,I28*I21) -> 0
A35: =A34+1 -> 8 | B35: DSR - Descanso Semanal Remunerado | H35: =I35/$I$37 -> 0 | I35: 0
A36: =A35+1 -> 9 | B36: =IF(D6="12x36","Para postos 12x36 os feriados são considerados compensados, conforme parágrafo único, Art. 59-A da CLT","Outros") -> Outros | H36: =I36/$I$37 -> 0 | I36: 0
A37: Total de Remuneração | H37: =SUM(H28:H36) -> 1 | I37: =SUM(I28:I36) -> 2325.27
A39: II | B39: Encargos Sociais - Grupo II: Obrigações Sociais | H39: % | I39: Valor Mensal/unidade de serviço (R$)
A40: 1 | B40: INSS (art. 22, inc. I, Lei nº 8.212/91) | H40: 0.2 | I40: =$I$37*H40 -> 465.054
A41: 2 | B41: SESI ou SESC (art. 30, Lei nº 8.036/90) | H41: 0.015 | I41: =$I$37*H41 -> 34.87905
A42: 3 | B42: SENAI ou SENAC (Decreto-Lei nº 2.318/86) | H42: 0.01 | I42: =$I$37*H42 -> 23.2527
A43: 4 | B43: INCRA (art. 15I, Lei Complementar nº 011/71) | H43: 0.002 | I43: =$I$37*H43 -> 4.65054
A44: 5 | B44: SALÁRIO EDUCAÇÃO (art. , inc. I, Decreto nº 87.043/82) | H44: 0.025 | I44: =$I$37*H44 -> 58.13175
A45: 6 | B45: FGTS (art. 15, Lei nº 8.036/90) | H45: 0.08 | I45: =$I$37*H45 -> 186.0216
A46: 7 | B46: SEG. ACIDENTE DO TRABALHO 1%, 2% e 3% (art. 22, inc. II, alíneas "b" e "c", da Lei nº 8.212/91) | H46: 0.03 | I46: =$I$37*H46 -> 69.7581
A47: 8 | B47: SEBRAE (§ 3º, art. 8º, Lei nº 8.029/90) | H47: 0.006 | I47: =$I$37*H47 -> 13.95162
A48: Total do Grupo II | H48: =SUM(H40:H47) -> 0.368 | I48: =SUM(I40:I47) -> 855.69936
A49: Os percentuais para o SAT podem variar de 0,50% a 6,00% em função do Fator de Acidente Previdenciário (FAP), Decreto nº 6.957/2009
A50: Deverá obrigatoriamente acompanhar a proposta de preços e a planilha de custos e formação de preços a prova do Fator Acidentário de Prevenção – FAP por meio de impressão de consulta ao site do Ministério da Previdência Social (que pode ser obtido no endereço eletrônico http://www2.dataprev.gov.br/fap/fap.htm), independentemente de alteração da alíquota da parcela do Seguro Acidente de Trabalho disposta no Quadro II da referida planilha.
A51: III | B51: Encargos Sociais - Grupo III: Tempo Não Trabalhado | H51: % | I51: Valor Mensal/unidade de serviço (R$)
A52: 1 | B52: FÉRIAS GOZADAS + ADICIONAL DE FÉRIAS | H52: 0.119314 | I52: =$I$37*H52 -> 277.43726
A53: 2 | B53: FALTAS ABONADAS (3) | H53: 0.020479 | I53: =$I$37*H53 -> 47.619204
A54: 3 | B54: FALTAS LEGAIS (4) | H54: 0.012123 | I54: =$I$37*H54 -> 28.189248
A55: 4 | B55: LICENÇA MATERNIDADE | H55: 0.011436 | I55: =$I$37*H55 -> 26.591788
A56: 5 | B56: LICENÇA PATERNIDADE | H56: 0.000174 | I56: =$I$37*H56 -> 0.40459698
A57: 6 | B57: ACIDENTE DE TRABALHO | H57: 0.000442 | I57: =$I$37*H57 -> 1.0277693
A58: 7 | B58: AVISO PRÉVIO TRABALHADO | H58: 0.000185 | I58: =$I$37*H58 -> 0.43017495
A59: 8 | B59: 13º SALÁRIO | H59: 0.09079 | I59: =$I$37*H59 -> 211.11126
A60: Total do Grupo III | H60: =SUM(H52:H59) -> 0.254943 | I60: =SUM(I52:I59) -> 592.81131
A61: (3) | B61: Faltas Justificadas por Auxílio Doença
A62: (4) | B62: Faltas Legais - Art. 473 CLT
A63: IV | B63: Encargos Sociais - Grupo IV: Indenizações | H63: % | I63: Valor Mensal/unidade de serviço (R$)
A64: 1 | B64: INDENIZAÇÕES | H64: 0.023627 | I64: =$I$37*H64 -> 54.939154
A65: 2 | B65: FGTS SOBRE INDENIZAÇÕES | H65: 0.001717 | I65: =$I$37*H65 -> 3.9924886
A66: 3 | B66: INDENIZAÇÃO COMPENSATÓRIA POR DEMISSÃO SEM JUSTA CAUSA | H66: 0.009451 | I66: =$I$37*H66 -> 21.976127
A67: Total do Grupo IV | H67: =SUM(H64:H66) -> 0.034795 | I67: =SUM(I64:I66) -> 80.90777
A69: V | B69: Encargos Sociais - Grupo V: Incidências | H69: % | I69: Valor Mensal/unidade de serviço (R$)
A70: 1 | B70: INCIDÊNCIA GRUPO II (Obrigações Sociais) X GRUPO III (Tempo Não Trabalhado) | H70: =(H48*H60) -> 0.093819024 | I70: =$I$37*H70 -> 218.15456
A71: Total do Grupo V | H71: =SUM(H70:H70) -> 0.093819024 | I71: =I70 -> 218.15456
A73: TOTAL DOS ENCAGOS SOCIAIS (II + III + IV + V) | H73: =H48+H60+H67+H71 -> 0.75155702 | I73: =I48+I60+I67+I71 -> 1747.573
A75: VI | B75: Demais custos relativos à Norma Coletiva ou Disposições Legais - Grupo VI | H75: % | I75: Valor Mensal/unidade de serviço (R$)
A76: 1 | B76: Auxílio Alimentação | H76: =I76/$I$37 -> 0.23986204 | I76: =I94 -> 557.744
A77: 2 | B77: Auxílio Lanche | H77: =I77/$I$37 -> 0.082140999 | I77: =I90 -> 191
A78: 3 | B78: Vale-Transporte | H78: =I78/$I$37 -> 0.030828162 | I78: =I86 -> 71.6838
A79: 4 | B79: Outros | H79: =I79/$I$37 -> 0 | I79: 0
A80: 5 | B80: Adicional Intervalar | H80: =I80/$I$37 -> 0 | I80: =IF(I23="Não aplicável",0,((I9/H9)*1.5*I23)) -> 0
A81: 6 | B81: Cesta Básica | H81: =I81/$I$37 -> 0 | I81: =IF(I20="Não aplicável",0,I20) -> 0
A82: Total do Grupo VI | H82: =SUM(H76:H81) -> 0.3528312 | I82: =SUM(I76:I81) -> 820.4278
A84: MEMÓRIA DE CÁLCULO DO VALE TRANSPORTE
A85: Valor Unitário | C85: Dias de Trabalho | D85: Vale p/dia | E85: Custo total | F85: Base de cálculo | G85: Percentual de desconto | H85: Valor desconto | I85: Custo efetivo
A86: =I11 -> 4.8 | C86: =I12 -> 22 | D86: 2 | E86: =A86*C86*D86 -> 211.2 | F86: =I28 -> 2325.27 | G86: =I13 -> 0.06 | H86: =F86*G86 -> 139.5162 | I86: =IF((E86-H86)>0,E86-H86,0) -> 71.6838
A88: MEMÓRIA DE CÁLCULO DO VALE LANCHE
A89: Valor Unitário | C89: Dias por mês | D89: Vale p/dia | E89: Custo total | F89: Base de cálculo | G89: Percentual de desconto | H89: Valor desconto | I89: Custo efetivo
A90: =I17 -> 191 | C90: =I18 -> 1 | D90: 1 | E90: =A90*C90*D90 -> 191 | F90: =E90 -> 191 | G90: =I19 -> 0 | H90: =F90*G90 -> 0 | I90: =E90-H90 -> 191
A92: MEMÓRIA DE CÁLCULO DO VALE ALIMENTAÇÃO
A93: Valor Unitário | C93: Dias por mês | D93: Vale p/dia | E93: Custo total | F93: Base de cálculo | G93: Percentual de desconto | H93: =H85 -> Valor desconto | I93: Custo efetivo
A94: =I14 -> 31.69 | C94: =I15 -> 22 | D94: 1 | E94: =A94*C94*D94 -> 697.18 | F94: =E94 -> 697.18 | G94: =I16 -> 0.2 | H94: =F94*G94 -> 139.436 | I94: =E94-H94 -> 557.744
A96: TOTAL DO MONTANTE A (I + II + III+ IV + V +VI) | H96: =H37+H73+H82 -> 2.1043882 | I96: =I37+I73+I82 -> 4893.2708
A98: MONTANTE B
A99: I | B99: Despesas Diretas | H99: % | I99: Valor Mensal/unidade de serviço (R$)
A100: 1 | B100: Transporte (5) | H100: =I100/$I$111 -> 0 | I100: 0
A101: 2 | B101: Uniformes/EPI (5a) | H101: =I101/$I$111 -> 0 | I101: 0
A102: 3 | B102: Seguro de vida | H102: =I102/$I$111 -> 0 | I102: 0
A103: 4 | B103: Materiais/Equipamentos | H103: =I103/$I$111 -> 0 | I103: =IF(F109=20%,G109,0) -> 0
A104: 5 | B104: Mobilização (6) | H104: =I104/$I$111 -> 0 | I104: 0
A105: 6 | B105: Outros (especificar) | H105: =I105/$I$111 -> 0 | I105: 0
A106: Total de Despesas Diretas | H106: =H100+H101+H102+H103+H104+H105 -> 0 | I106: =SUM(I100:I105) -> 0
B107: (5) Somente será preenchido quando o licitante fornecer transporte próprio (5a) EPI - Equipamento de Proteção Individual (6) Tais custos de mobilização não são renováveis, devendo ser eliminados após o primeiro ano de contrato caso haja prorrogação
A109: LIMITE QUADRO I (Despesas Diretas) sobre Montante A (exceto Vale-transporte), conforme alíneas "b.2" e "b.3", Inc. II, art. 7º, do Decreto 52.768/2015, alterado pelo Decreto 53.424/2017: 10% SEM MATERIAIS/EQUIPAMENTOS; 20% COM MATERIAIS/EQUIPAMENTOS | F109: =I24 -> 0.1 | G109: =I111*F109 -> 482.1587 | H109: Dedução Vale Transporte | I109: =I78 -> 71.6838
A110: Remuneração (Grupo I) | C110: Obrigações Sociais (Grupo II) | D110: Tempo Não Trabalhado (Grupo III) | E110: Indenizações (Grupo IV) | F110: Incidências (Grupo V) | G110: Demais Custos CCT | H110: Total Montante A | I110: Base de Cálculo
A111: =I37 -> 2325.27 | C111: =I48 -> 855.69936 | D111: =I60 -> 592.81131 | E111: =I67 -> 80.90777 | F111: =I71 -> 218.15456 | G111: =I82 -> 820.4278 | H111: =A111+C111+D111+E111+F111+G111 -> 4893.2708 | I111: =H111-I109 -> 4821.587
A113: II | B113: Despesas Indiretas | H113: % | I113: Valor Mensal/unidade de serviço (R$)
...

Sheet Programador 44h
A1: PLANILHA DE CUSTOS E FORMAÇÃO DE PREÇOS DE SERVIÇOS CONTINUADOS COM DEDICAÇÃO EXCLUSIVA DE MÃO DE OBRA (ANEXO III - DECRETOS 52.768 de 15.12.2015)
A2: PROCESSO: | E2: REGIME DE TRIBUTAÇÃO: LUCRO REAL
A3: LICITAÇÃO/EDITAL | E3: ABERTURA:
A5: Cargo/Função: | D5: Programador | G5: =IF(D6="12x36","Regime de trabalho:","Quantidade de HORAS/MÊS") -> Quantidade de HORAS/MÊS | I5: =IF(D6="12x36",D6,5*D6) -> 220
A6: =IF(D6="12x36","Regime de trabalho:","Regime de trabalho (horas semanais):") -> Regime de trabalho (horas semanais): | D6: 44
A7: Origem do salário e/ou CCT: | G7: INSALUBRIDADE (10%, 20%, 40%) | I7: Não aplicável
A8: Cidade: | D8: Porto Alegre | G8: PERICULOSIDADE (30%) | I8: Não aplicável
A9: Salário Normativo | G9: =IF(D6="12x36","Vlr. Do salário e Regime de trabalho","Vlr. Do salário e nº de horas correspondentes") -> Vlr. Do salário e nº de horas correspondentes | H9: 220 | I9: 2621.76
A10: ISS | G10: =D8 -> Porto Alegre | H10: Alíquota | I10: 0.02
A11: Tarifa Transporte | G11: CCT | H11: Vr. Unitário | I11: 4.8
H12: Dias | I12: 22
H13: Desconto | I13: 0.06
A14: Auxílio Alimentação (Cláusula 14ª da CCT) | G14: CCT | H14: Vr. Unitário | I14: 31.5
H15: Dias | I15: 22
H16: Desconto | I16: 0.2
A17: Auxílio Lanche (Não aplicável) | G17: CCT | H17: Vr. Unitário | I17: 0
H18: Dias | I18: 0
H19: Desconto | I19: 0
A20: PLANO DE BENEFÍCIO SOCIAL FAMILIAR (Não aplicável) | G20: CCT | H20: Valor mensal | I20: Não aplicável
A21: Adicional de Supervisor | H21: Porcentagem | I21: Não aplicável
A22: Base de cálculo da insalubridade: salário normativo proporcional conforme Parecer da PGE/RS nº 18200-20. Atentar-se para a observação 2 do Anexo I - Folha de Dados (CGL 12.1.2). | H22: Valor | I22: Não aplicável
A23: Hora Intervalar | H23: Horas por mês | I23: Não aplicável
A24: Sem fornecimento de materiais ou apenas fornecimento de EPIs ou uniformes, utilizar 10%. Com fornecimento de materiais ou equipamentos, utilizar 20%. (Decreto 52.768/2015, alterado pelo Decreto 53.424/2017) | H24: Porcentagem | I24: 0.1
A26: MONTANTE A
A27: I | B27: Remuneração - Grupo I | H27: % | I27: Valor Mensal/unidade de serviço (R$)
A28: 1 | B28: Salário | H28: =I28/$I$37 -> 1 | I28: =IF(D6="12x36",I9,I9/H9*I5) -> 2621.76
A29: =A28+1 -> 2 | B29: Adicional Noturno 20% (Ver súmula 60 TST) | H29: =I29/$I$37 -> 0 | I29: 0
A30: =A29+1 -> 3 | B30: Adicional Periculosidade 30% (Ver súmulas 364, 132 e 191 do TST) | H30: =I30/$I$37 -> 0 | I30: =IF(I8=30%,I28*I8,0) -> 0
A31: =A30+1 -> 4 | B31: Adicional Insalubridade 10% (Ver súmula 228 e 139 TST) | H31: =I31/$I$37 -> 0 | I31: =IF(I7=10%,I22*I7,0) -> 0
A32: =A31+1 -> 5 | B32: Adicional Insalubridade 20% (Ver súmula 228 e 139 TST) | H32: =I32/$I$37 -> 0 | I32: =IF(I7=20%,I22*I7,0) -> 0
A33: =A32+1 -> 6 | B33: Adicional Insalubridade 40% (Ver súmula 228 e 139 TST) | H33: =I33/$I$37 -> 0 | I33: =IF(I7=40%,I22*I7,0) -> 0
A34: =A33+1 -> 7 | B34: Adicional de Supervisor | H34: =I34/$I$37 -> 0 | I34: =IF(I21="Não aplicável",0,I28*I21) -> 0
A35: =A34+1 -> 8 | B35: DSR - Descanso Semanal Remunerado | H35: =I35/$I$37 -> 0 | I35: 0
A36: =A35+1 -> 9 | B36: =IF(D6="12x36","Para postos 12x36 os feriados são considerados compensados, conforme parágrafo único, Art. 59-A da CLT","Outros") -> Outros | H36: =I36/$I$37 -> 0 | I36: 0
A37: Total de Remuneração | H37: =SUM(H28:H36) -> 1 | I37: =SUM(I28:I36) -> 2621.76
A39: II | B39: Encargos Sociais - Grupo II: Obrigações Sociais | H39: % | I39: Valor Mensal/unidade de serviço (R$)
A40: 1 | B40: INSS (art. 22, inc. I, Lei nº 8.212/91) | H40: ='Motorista 44h'!H40 -> 0.2 | I40: =$I$37*H40 -> 524.352
A41: 2 | B41: SESI ou SESC (art. 30, Lei nº 8.036/90) | H41: 0.015 | I41: =$I$37*H41 -> 39.3264
A42: 3 | B42: SENAI ou SENAC (Decreto-Lei nº 2.318/86) | H42: 0.01 | I42: =$I$37*H42 -> 26.2176
A43: 4 | B43: INCRA (art. 15I, Lei Complementar nº 011/71) | H43: 0.002 | I43: =$I$37*H43 -> 5.24352
A44: 5 | B44: SALÁRIO EDUCAÇÃO (art. , inc. I, Decreto nº 87.043/82) | H44: 0.025 | I44: =$I$37*H44 -> 65.544
A45: 6 | B45: FGTS (art. 15, Lei nº 8.036/90) | H45: 0.08 | I45: =$I$37*H45 -> 209.7408
A46: 7 | B46: SEG. ACIDENTE DO TRABALHO 1%, 2% e 3% (art. 22, inc. II, alíneas "b" e "c", da Lei nº 8.212/91) | H46: ='Motorista 44h'!H46 -> 0.03 | I46: =$I$37*H46 -> 78.6528
A47: 8 | B47: SEBRAE (§ 3º, art. 8º, Lei nº 8.029/90) | H47: 0.006 | I47: =$I$37*H47 -> 15.73056
A48: Total do Grupo II | H48: =SUM(H40:H47) -> 0.368 | I48: =SUM(I40:I47) -> 964.80768
A49: Os percentuais para o SAT podem variar de 0,50% a 6,00% em função do Fator de Acidente Previdenciário (FAP), Decreto nº 6.957/2009
A50: Deverá obrigatoriamente acompanhar a proposta de preços e a planilha de custos e formação de preços a prova do Fator Acidentário de Prevenção – FAP por meio de impressão de consulta ao site do Ministério da Previdência Social (que pode ser obtido no endereço eletrônico http://www2.dataprev.gov.br/fap/fap.htm), independentemente de alteração da alíquota da parcela do Seguro Acidente de Trabalho disposta no Quadro II da referida planilha.
A51: III | B51: Encargos Sociais - Grupo III: Tempo Não Trabalhado | H51: % | I51: Valor Mensal/unidade de serviço (R$)
A52: 1 | B52: FÉRIAS GOZADAS + ADICIONAL DE FÉRIAS | H52: 0.119314 | I52: =$I$37*H52 -> 312.81267
A53: 2 | B53: FALTAS ABONADAS (3) | H53: 0.020479 | I53: =$I$37*H53 -> 53.691023
A54: 3 | B54: FALTAS LEGAIS (4) | H54: 0.012123 | I54: =$I$37*H54 -> 31.783596
A55: 4 | B55: LICENÇA MATERNIDADE | H55: 0.011436 | I55: =$I$37*H55 -> 29.982447
A56: 5 | B56: LICENÇA PATERNIDADE | H56: 0.000174 | I56: =$I$37*H56 -> 0.45618624
A57: 6 | B57: ACIDENTE DE TRABALHO | H57: 0.000442 | I57: =$I$37*H57 -> 1.1588179
A58: 7 | B58: AVISO PRÉVIO TRABALHADO | H58: 0.000185 | I58: =$I$37*H58 -> 0.4850256
A59: 8 | B59: 13º SALÁRIO | H59: 0.09079 | I59: =$I$37*H59 -> 238.02959
A60: Total do Grupo III | H60: =SUM(H52:H59) -> 0.254943 | I60: =SUM(I52:I59) -> 668.39936
A61: (3) | B61: Faltas Justificadas por Auxílio Doença
A62: (4) | B62: Faltas Legais - Art. 473 CLT
A63: IV | B63: Encargos Sociais - Grupo IV: Indenizações | H63: % | I63: Valor Mensal/unidade de serviço (R$)
A64: 1 | B64: INDENIZAÇÕES | H64: 0.023627 | I64: =$I$37*H64 -> 61.944324
A65: 2 | B65: FGTS SOBRE INDENIZAÇÕES | H65: 0.001717 | I65: =$I$37*H65 -> 4.5015619
A66: 3 | B66: INDENIZAÇÃO COMPENSATÓRIA POR DEMISSÃO SEM JUSTA CAUSA | H66: 0.009451 | I66: =$I$37*H66 -> 24.778254
A67: Total do Grupo IV | H67: =SUM(H64:H66) -> 0.034795 | I67: =SUM(I64:I66) -> 91.224139
A69: V | B69: Encargos Sociais - Grupo V: Incidências | H69: % | I69: Valor Mensal/unidade de serviço (R$)
A70: 1 | B70: INCIDÊNCIA GRUPO II (Obrigações Sociais) X GRUPO III (Tempo Não Trabalhado) | H70: =(H48*H60) -> 0.093819024 | I70: =$I$37*H70 -> 245.97096
A71: Total do Grupo V | H71: =SUM(H70:H70) -> 0.093819024 | I71: =I70 -> 245.97096
A73: TOTAL DOS ENCAGOS SOCIAIS (II + III + IV + V) | H73: =H48+H60+H67+H71 -> 0.75155702 | I73: =I48+I60+I67+I71 -> 1970.4021
A75: VI | B75: Demais custos relativos à Norma Coletiva ou Disposições Legais - Grupo VI | H75: % | I75: Valor Mensal/unidade de serviço (R$)
A76: 1 | B76: Auxílio Alimentação | H76: =I76/$I$37 -> 0.211461 | I76: =I93 -> 554.4
A77: 2 | B77: Auxílio Lanche | H77: =I77/$I$37 -> 0 | I77: =I89 -> 0
A78: 3 | B78: Vale-Transporte | H78: =I78/$I$37 -> 0.020556573 | I78: =I85 -> 53.8944
A79: 4 | B79: Adicional Intervalar | H79: =I79/$I$37 -> 0 | I79: =IF(I23="Não aplicável",0,((I9/H9)*1.5*I23)) -> 0
A80: 5 | B80: Outros | H80: =I80/$I$37 -> 0 | I80: =IF(I20="Não aplicável",0,I20) -> 0
A81: Total do Grupo VI | H81: =SUM(H76:H80) -> 0.23201758 | I81: =SUM(I76:I80) -> 608.2944
A83: MEMÓRIA DE CÁLCULO DO VALE TRANSPORTE
A84: Valor Unitário | C84: Dias de Trabalho | D84: Vale p/dia | E84: Custo total | F84: Base de cálculo | G84: Percentual de desconto | H84: Valor desconto | I84: Custo efetivo
A85: =I11 -> 4.8 | C85: =I12 -> 22 | D85: 2 | E85: =A85*C85*D85 -> 211.2 | F85: =I28 -> 2621.76 | G85: =I13 -> 0.06 | H85: =F85*G85 -> 157.3056 | I85: =IF((E85-H85)>0,E85-H85,0) -> 53.8944
A87: MEMÓRIA DE CÁLCULO DO VALE LANCHE
A88: Valor Unitário | C88: Dias por mês | D88: Vale p/dia | E88: Custo total | F88: Base de cálculo | G88: Percentual de desconto | H88: Valor desconto | I88: Custo efetivo
A89: =I17 -> 0 | C89: =I18 -> 0 | D89: 1 | E89: =A89*C89*D89 -> 0 | F89: =E89 -> 0 | G89: =I19 -> 0 | H89: =F89*G89 -> 0 | I89: =E89-H89 -> 0
A91: MEMÓRIA DE CÁLCULO DO VALE ALIMENTAÇÃO
A92: Valor Unitário | C92: Dias por mês | D92: Vale p/dia | E92: Custo total | F92: Base de cálculo | G92: Percentual de desconto | H92: =H84 -> Valor desconto | I92: Custo efetivo
A93: =I14 -> 31.5 | C93: =I15 -> 22 | D93: 1 | E93: =A93*C93*D93 -> 693 | F93: =E93 -> 693 | G93: =I16 -> 0.2 | H93: =F93*G93 -> 138.6 | I93: =E93-H93 -> 554.4
A95: TOTAL DO MONTANTE A (I + II + III+ IV + V +VI) | H95: =H37+H73+H81 -> 1.9835746 | I95: =I37+I73+I81 -> 5200.4565
A97: MONTANTE B
A98: I | B98: Despesas Diretas | H98: % | I98: Valor Mensal/unidade de serviço (R$)
A99: 1 | B99: Transporte (5) | H99: =I99/$I$110 -> 0 | I99: 0
A100: 2 | B100: Uniformes/EPI (5a) | H100: =I100/$I$110 -> 0 | I100: ='Motorista 44h'!I101 -> 0
A101: 3 | B101: Seguro de vida | H101: =I101/$I$110 -> 0 | I101: 0
A102: 4 | B102: Materiais/Equipamentos | H102: =I102/$I$110 -> 0 | I102: ='Motorista 44h'!I103 -> 0
A103: 5 | B103: Mobilização (6) | H103: =I103/$I$110 -> 0 | I103: 0
A104: 6 | B104: Outros (especificar) | H104: =I104/$I$110 -> 0 | I104: 0
A105: Total de Despesas Diretas | H105: =H99+H100+H101+H102+H103+H104 -> 0 | I105: =SUM(I99:I104) -> 0
B106: (5) Somente será preenchido quando o licitante fornecer transporte próprio (5a) EPI - Equipamento de Proteção Individual (6) Tais custos de mobilização não são renováveis, devendo ser eliminados após o primeiro ano de contrato caso haja prorrogação
A108: LIMITE QUADRO I (Despesas Diretas) sobre Montante A (exceto Vale-transporte), conforme alíneas "b.2" e "b.3", Inc. II, art. 7º, do Decreto 52.768/2015, alterado pelo Decreto 53.424/2017: 10% SEM MATERIAIS/EQUIPAMENTOS; 20% COM MATERIAIS/EQUIPAMENTOS | F108: =I24 -> 0.1 | G108: =I110*F108 -> 514.65621 | H108: Dedução Vale Transporte | I108: =I78 -> 53.8944
A109: Remuneração (Grupo I) | C109: Obrigações Sociais (Grupo II) | D109: Tempo Não Trabalhado (Grupo III) | E109: Indenizações (Grupo IV) | F109: Incidências (Grupo V) | G109: Demais Custos CCT | H109: Total Montante A | I109: Base de Cálculo
A110: =I37 -> 2621.76 | C110: =I48 -> 964.80768 | D110: =I60 -> 668.39936 | E110: =I67 -> 91.224139 | F110: =I71 -> 245.97096 | G110: =I81 -> 608.2944 | H110: =A110+C110+D110+E110+F110+G110 -> 5200.4565 | I110: =H110-I108 -> 5146.5621
A112: II | B112: Despesas Indiretas | H112: % | I112: Valor Mensal/unidade de serviço (R$)
A113: 1 | B113: Despesas Administrativas | H113: =I113/$I$123 -> 0 | I113: ='Motorista 44h'!I114 -> 0
...

Sheet An. Banco Dados e de Sist. 44h
A1: PLANILHA DE CUSTOS E FORMAÇÃO DE PREÇOS DE SERVIÇOS CONTINUADOS COM DEDICAÇÃO EXCLUSIVA DE MÃO DE OBRA (ANEXO III - DECRETOS 52.768 de 15.12.2015)
A2: PROCESSO: | E2: REGIME DE TRIBUTAÇÃO: LUCRO REAL
A3: LICITAÇÃO/EDITAL | E3: ABERTURA:
A5: Cargo/Função: | D5: Analista de Banco de Dados e Analista de Desenvolvimento de Sistema | G5: =IF(D6="12x36","Regime de trabalho:","Quantidade de HORAS/MÊS") -> Quantidade de HORAS/MÊS | I5: =IF(D6="12x36",D6,5*D6) -> 220
A6: =IF(D6="12x36","Regime de trabalho:","Regime de trabalho (horas semanais):") -> Regime de trabalho (horas semanais): | D6: 44
A7: Origem do salário e/ou CCT: | G7: INSALUBRIDADE (10%, 20%, 40%) | I7: Não aplicável
A8: Cidade: | D8: Porto Alegre | G8: PERICULOSIDADE (30%) | I8: Não aplicável
A9: Salário Normativo | G9: =IF(D6="12x36","Vlr. Do salário e Regime de trabalho","Vlr. Do salário e nº de horas correspondentes") -> Vlr. Do salário e nº de horas correspondentes | H9: 220 | I9: 4533.66
A10: ISS | G10: =D8 -> Porto Alegre | H10: Alíquota | I10: 0.02
A11: Tarifa Transporte | G11: CCT | H11: Vr. Unitário | I11: 4.8
H12: Dias | I12: 22
H13: Desconto | I13: 0.06
A14: Auxílio Alimentação (Cláusula 14ª da CCT) | G14: CCT | H14: Vr. Unitário | I14: 31.5
H15: Dias | I15: 22
H16: Desconto | I16: 0.2
A17: Auxílio Lanche (Não aplicável) | G17: CCT | H17: Vr. Unitário | I17: 0
H18: Dias | I18: 0
H19: Desconto | I19: 0
A20: PLANO DE BENEFÍCIO SOCIAL FAMILIAR (Não aplicável) | G20: CCT | H20: Valor mensal | I20: Não aplicável
A21: Adicional de Supervisor | H21: Porcentagem | I21: Não aplicável
A22: Base de cálculo da insalubridade: salário normativo proporcional conforme Parecer da PGE/RS nº 18200-20. Atentar-se para a observação 2 do Anexo I - Folha de Dados (CGL 12.1.2). | H22: Valor | I22: Não aplicável
A23: Hora Intervalar | H23: Horas por mês | I23: Não aplicável
A24: Sem fornecimento de materiais ou apenas fornecimento de EPIs ou uniformes, utilizar 10%. Com fornecimento de materiais ou equipamentos, utilizar 20%. (Decreto 52.768/2015, alterado pelo Decreto 53.424/2017) | H24: Porcentagem | I24: 0.1
A26: MONTANTE A
A27: I | B27: Remuneração - Grupo I | H27: % | I27: Valor Mensal/unidade de serviço (R$)
A28: 1 | B28: Salário | H28: =I28/$I$37 -> 1 | I28: =IF(D6="12x36",I9,I9/H9*I5) -> 4533.66
A29: =A28+1 -> 2 | B29: Adicional Noturno 20% (Ver súmula 60 TST) | H29: =I29/$I$37 -> 0 | I29: 0
A30: =A29+1 -> 3 | B30: Adicional Periculosidade 30% (Ver súmulas 364, 132 e 191 do TST) | H30: =I30/$I$37 -> 0 | I30: =IF(I8=30%,I28*I8,0) -> 0
A31: =A30+1 -> 4 | B31: Adicional Insalubridade 10% (Ver súmula 228 e 139 TST) | H31: =I31/$I$37 -> 0 | I31: =IF(I7=10%,I22*I7,0) -> 0
A32: =A31+1 -> 5 | B32: Adicional Insalubridade 20% (Ver súmula 228 e 139 TST) | H32: =I32/$I$37 -> 0 | I32: =IF(I7=20%,I22*I7,0) -> 0
A33: =A32+1 -> 6 | B33: Adicional Insalubridade 40% (Ver súmula 228 e 139 TST) | H33: =I33/$I$37 -> 0 | I33: =IF(I7=40%,I22*I7,0) -> 0
A34: =A33+1 -> 7 | B34: Adicional de Supervisor | H34: =I34/$I$37 -> 0 | I34: =IF(I21="Não aplicável",0,I28*I21) -> 0
A35: =A34+1 -> 8 | B35: DSR - Descanso Semanal Remunerado | H35: =I35/$I$37 -> 0 | I35: 0
A36: =A35+1 -> 9 | B36: =IF(D6="12x36","Para postos 12x36 os feriados são considerados compensados, conforme parágrafo único, Art. 59-A da CLT","Outros") -> Outros | H36: =I36/$I$37 -> 0 | I36: 0
A37: Total de Remuneração | H37: =SUM(H28:H36) -> 1 | I37: =SUM(I28:I36) -> 4533.66
A39: II | B39: Encargos Sociais - Grupo II: Obrigações Sociais | H39: % | I39: Valor Mensal/unidade de serviço (R$)
A40: 1 | B40: INSS (art. 22, inc. I, Lei nº 8.212/91) | H40: ='Programador 44h'!H40 -> 0.2 | I40: =$I$37*H40 -> 906.732
A41: 2 | B41: SESI ou SESC (art. 30, Lei nº 8.036/90) | H41: 0.015 | I41: =$I$37*H41 -> 68.0049
A42: 3 | B42: SENAI ou SENAC (Decreto-Lei nº 2.318/86) | H42: 0.01 | I42: =$I$37*H42 -> 45.3366
A43: 4 | B43: INCRA (art. 15I, Lei Complementar nº 011/71) | H43: 0.002 | I43: =$I$37*H43 -> 9.06732
A44: 5 | B44: SALÁRIO EDUCAÇÃO (art. , inc. I, Decreto nº 87.043/82) | H44: 0.025 | I44: =$I$37*H44 -> 113.3415
A45: 6 | B45: FGTS (art. 15, Lei nº 8.036/90) | H45: 0.08 | I45: =$I$37*H45 -> 362.6928
A46: 7 | B46: SEG. ACIDENTE DO TRABALHO 1%, 2% e 3% (art. 22, inc. II, alíneas "b" e "c", da Lei nº 8.212/91) | H46: ='Programador 44h'!H46 -> 0.03 | I46: =$I$37*H46 -> 136.0098
A47: 8 | B47: SEBRAE (§ 3º, art. 8º, Lei nº 8.029/90) | H47: 0.006 | I47: =$I$37*H47 -> 27.20196
A48: Total do Grupo II | H48: =SUM(H40:H47) -> 0.368 | I48: =SUM(I40:I47) -> 1668.3869
A49: Os percentuais para o SAT podem variar de 0,50% a 6,00% em função do Fator de Acidente Previdenciário (FAP), Decreto nº 6.957/2009
A50: Deverá obrigatoriamente acompanhar a proposta de preços e a planilha de custos e formação de preços a prova do Fator Acidentário de Prevenção – FAP por meio de impressão de consulta ao site do Ministério da Previdência Social (que pode ser obtido no endereço eletrônico http://www2.dataprev.gov.br/fap/fap.htm), independentemente de alteração da alíquota da parcela do Seguro Acidente de Trabalho disposta no Quadro II da referida planilha.
A51: III | B51: Encargos Sociais - Grupo III: Tempo Não Trabalhado | H51: % | I51: Valor Mensal/unidade de serviço (R$)
A52: 1 | B52: FÉRIAS GOZADAS + ADICIONAL DE FÉRIAS | H52: 0.119314 | I52: =$I$37*H52 -> 540.92911
A53: 2 | B53: FALTAS ABONADAS (3) | H53: 0.020479 | I53: =$I$37*H53 -> 92.844823
A54: 3 | B54: FALTAS LEGAIS (4) | H54: 0.012123 | I54: =$I$37*H54 -> 54.96156
A55: 4 | B55: LICENÇA MATERNIDADE | H55: 0.011436 | I55: =$I$37*H55 -> 51.846936
A56: 5 | B56: LICENÇA PATERNIDADE | H56: 0.000174 | I56: =$I$37*H56 -> 0.78885684
A57: 6 | B57: ACIDENTE DE TRABALHO | H57: 0.000442 | I57: =$I$37*H57 -> 2.0038777
A58: 7 | B58: AVISO PRÉVIO TRABALHADO | H58: 0.000185 | I58: =$I$37*H58 -> 0.8387271
A59: 8 | B59: 13º SALÁRIO | H59: 0.09079 | I59: =$I$37*H59 -> 411.61099
A60: Total do Grupo III | H60: =SUM(H52:H59) -> 0.254943 | I60: =SUM(I52:I59) -> 1155.8249
A61: (3) | B61: Faltas Justificadas por Auxílio Doença
A62: (4) | B62: Faltas Legais - Art. 473 CLT
A63: IV | B63: Encargos Sociais - Grupo IV: Indenizações | H63: % | I63: Valor Mensal/unidade de serviço (R$)
A64: 1 | B64: INDENIZAÇÕES | H64: 0.023627 | I64: =$I$37*H64 -> 107.11678
A65: 2 | B65: FGTS SOBRE INDENIZAÇÕES | H65: 0.001717 | I65: =$I$37*H65 -> 7.7842942
A66: 3 | B66: INDENIZAÇÃO COMPENSATÓRIA POR DEMISSÃO SEM JUSTA CAUSA | H66: 0.009451 | I66: =$I$37*H66 -> 42.847621
A67: Total do Grupo IV | H67: =SUM(H64:H66) -> 0.034795 | I67: =SUM(I64:I66) -> 157.7487
A69: V | B69: Encargos Sociais - Grupo V: Incidências | H69: % | I69: Valor Mensal/unidade de serviço (R$)
A70: 1 | B70: INCIDÊNCIA GRUPO II (Obrigações Sociais) X GRUPO III (Tempo Não Trabalhado) | H70: =(H48*H60) -> 0.093819024 | I70: =$I$37*H70 -> 425.34356
A71: Total do Grupo V | H71: =SUM(H70:H70) -> 0.093819024 | I71: =I70 -> 425.34356
A73: TOTAL DOS ENCAGOS SOCIAIS (II + III + IV + V) | H73: =H48+H60+H67+H71 -> 0.75155702 | I73: =I48+I60+I67+I71 -> 3407.304
A75: VI | B75: Demais custos relativos à Norma Coletiva ou Disposições Legais - Grupo VI | H75: % | I75: Valor Mensal/unidade de serviço (R$)
A76: 1 | B76: Auxílio Alimentação | H76: =I76/$I$37 -> 0.12228531 | I76: =I93 -> 554.4
A77: 2 | B77: Auxílio Lanche | H77: =I77/$I$37 -> 0 | I77: =I89 -> 0
A78: 3 | B78: Vale-Transporte | H78: =I78/$I$37 -> 0 | I78: =I85 -> 0
A79: 4 | B79: Adicional Intervalar | H79: =I79/$I$37 -> 0 | I79: =IF(I23="Não aplicável",0,((I9/H9)*1.5*I23)) -> 0
A80: 5 | B80: Outros | H80: =I80/$I$37 -> 0 | I80: =IF(I20="Não aplicável",0,I20) -> 0
A81: Total do Grupo VI | H81: =SUM(H76:H80) -> 0.12228531 | I81: =SUM(I76:I80) -> 554.4
A83: MEMÓRIA DE CÁLCULO DO VALE TRANSPORTE
A84: Valor Unitário | C84: Dias de Trabalho | D84: Vale p/dia | E84: Custo total | F84: Base de cálculo | G84: Percentual de desconto | H84: Valor desconto | I84: Custo efetivo
A85: =I11 -> 4.8 | C85: =I12 -> 22 | D85: 2 | E85: =A85*C85*D85 -> 211.2 | F85: =I28 -> 4533.66 | G85: =I13 -> 0.06 | H85: =F85*G85 -> 272.0196 | I85: =IF((E85-H85)>0,E85-H85,0) -> 0
A87: MEMÓRIA DE CÁLCULO DO VALE LANCHE
A88: Valor Unitário | C88: Dias por mês | D88: Vale p/dia | E88: Custo total | F88: Base de cálculo | G88: Percentual de desconto | H88: Valor desconto | I88: Custo efetivo
A89: =I17 -> 0 | C89: =I18 -> 0 | D89: 1 | E89: =A89*C89*D89 -> 0 | F89: =E89 -> 0 | G89: =I19 -> 0 | H89: =F89*G89 -> 0 | I89: =E89-H89 -> 0
A91: MEMÓRIA DE CÁLCULO DO VALE ALIMENTAÇÃO
A92: Valor Unitário | C92: Dias por mês | D92: Vale p/dia | E92: Custo total | F92: Base de cálculo | G92: Percentual de desconto | H92: =H84 -> Valor desconto | I92: Custo efetivo
A93: =I14 -> 31.5 | C93: =I15 -> 22 | D93: 1 | E93: =A93*C93*D93 -> 693 | F93: =E93 -> 693 | G93: =I16 -> 0.2 | H93: =F93*G93 -> 138.6 | I93: =E93-H93 -> 554.4
A95: TOTAL DO MONTANTE A (I + II + III+ IV + V +VI) | H95: =H37+H73+H81 -> 1.8738423 | I95: =I37+I73+I81 -> 8495.364
A97: MONTANTE B
A98: I | B98: Despesas Diretas | H98: % | I98: Valor Mensal/unidade de serviço (R$)
A99: 1 | B99: Transporte (5) | H99: =I99/$I$110 -> 0 | I99: 0
A100: 2 | B100: Uniformes/EPI (5a) | H100: =I100/$I$110 -> 0 | I100: ='Programador 44h'!I100 -> 0
A101: 3 | B101: Seguro de vida | H101: =I101/$I$110 -> 0 | I101: 0
A102: 4 | B102: Materiais/Equipamentos | H102: =I102/$I$110 -> 0 | I102: ='Programador 44h'!I102 -> 0
A103: 5 | B103: Mobilização (6) | H103: =I103/$I$110 -> 0 | I103: 0
A104: 6 | B104: Outros (especificar) | H104: =I104/$I$110 -> 0 | I104: 0
A105: Total de Despesas Diretas | H105: =H99+H100+H101+H102+H103+H104 -> 0 | I105: =SUM(I99:I104) -> 0
B106: (5) Somente será preenchido quando o licitante fornecer transporte próprio (5a) EPI - Equipamento de Proteção Individual (6) Tais custos de mobilização não são renováveis, devendo ser eliminados após o primeiro ano de contrato caso haja prorrogação
A108: LIMITE QUADRO I (Despesas Diretas) sobre Montante A (exceto Vale-transporte), conforme alíneas "b.2" e "b.3", Inc. II, art. 7º, do Decreto 52.768/2015, alterado pelo Decreto 53.424/2017: 10% SEM MATERIAIS/EQUIPAMENTOS; 20% COM MATERIAIS/EQUIPAMENTOS | F108: =I24 -> 0.1 | G108: =I110*F108 -> 849.5364 | H108: Dedução Vale Transporte | I108: =I78 -> 0
A109: Remuneração (Grupo I) | C109: Obrigações Sociais (Grupo II) | D109: Tempo Não Trabalhado (Grupo III) | E109: Indenizações (Grupo IV) | F109: Incidências (Grupo V) | G109: Demais Custos CCT | H109: Total Montante A | I109: Base de Cálculo
A110: =I37 -> 4533.66 | C110: =I48 -> 1668.3869 | D110: =I60 -> 1155.8249 | E110: =I67 -> 157.7487 | F110: =I71 -> 425.34356 | G110: =I81 -> 554.4 | H110: =A110+C110+D110+E110+F110+G110 -> 8495.364 | I110: =H110-I108 -> 8495.364
A112: II | B112: Despesas Indiretas | H112: % | I112: Valor Mensal/unidade de serviço (R$)
A113: 1 | B113: Despesas Administrativas | H113: =I113/$I$123 -> 0 | I113: ='Programador 44h'!I113 -> 0
...

Sheet Tec em Manut e de Rede 44h
A1: PLANILHA DE CUSTOS E FORMAÇÃO DE PREÇOS DE SERVIÇOS CONTINUADOS COM DEDICAÇÃO EXCLUSIVA DE MÃO DE OBRA (ANEXO III - DECRETOS 52.768 de 15.12.2015)
A2: PROCESSO: | E2: REGIME DE TRIBUTAÇÃO: LUCRO REAL
A3: LICITAÇÃO/EDITAL | E3: ABERTURA:
A5: Cargo/Função: | D5: Técnico em Manutenção de Software e Hardware e Técnico em Rede de Computadores | G5: =IF(D6="12x36","Regime de trabalho:","Quantidade de HORAS/MÊS") -> Quantidade de HORAS/MÊS | I5: =IF(D6="12x36",D6,5*D6) -> 220
A6: =IF(D6="12x36","Regime de trabalho:","Regime de trabalho (horas semanais):") -> Regime de trabalho (horas semanais): | D6: 44
A7: Origem do salário e/ou CCT: | G7: INSALUBRIDADE (10%, 20%, 40%) | I7: Não aplicável
A8: Cidade: | D8: Porto Alegre | G8: PERICULOSIDADE (30%) | I8: Não aplicável
A9: Salário Normativo | G9: =IF(D6="12x36","Vlr. Do salário e Regime de trabalho","Vlr. Do salário e nº de horas correspondentes") -> Vlr. Do salário e nº de horas correspondentes | H9: 220 | I9: 2248.03
A10: ISS | G10: =D8 -> Porto Alegre | H10: Alíquota | I10: 2
A11: Tarifa Transporte | G11: CCT | H11: Vr. Unitário | I11: 4.8
H12: Dias | I12: 22
H13: Desconto | I13: 0.06
A14: Auxílio Alimentação (Cláusula 14ª da CCT) | G14: CCT | H14: Vr. Unitário | I14: 31.5
H15: Dias | I15: 22
H16: Desconto | I16: 0.2
A17: Auxílio Lanche (Não aplicável) | G17: CCT | H17: Vr. Unitário | I17: 0
H18: Dias | I18: 0
H19: Desconto | I19: 0
A20: PLANO DE BENEFÍCIO SOCIAL FAMILIAR (Não aplicável) | G20: CCT | H20: Valor mensal | I20: Não aplicável
A21: Adicional de Supervisor | H21: Porcentagem | I21: Não aplicável
A22: Base de cálculo da insalubridade: salário normativo proporcional conforme Parecer da PGE/RS nº 18200-20. Atentar-se para a observação 2 do Anexo I - Folha de Dados (CGL 12.1.2). | H22: Valor | I22: Não aplicável
A23: Hora Intervalar | H23: Horas por mês | I23: Não aplicável
A24: Sem fornecimento de materiais ou apenas fornecimento de EPIs ou uniformes, utilizar 10%. Com fornecimento de materiais ou equipamentos, utilizar 20%. (Decreto 52.768/2015, alterado pelo Decreto 53.424/2017) | H24: Porcentagem | I24: 0.1
A26: MONTANTE A
A27: I | B27: Remuneração - Grupo I | H27: % | I27: Valor Mensal/unidade de serviço (R$)
A28: 1 | B28: Salário | H28: =I28/$I$37 -> 1 | I28: =IF(D6="12x36",I9,I9/H9*I5) -> 2248.03
A29: =A28+1 -> 2 | B29: Adicional Noturno 20% (Ver súmula 60 TST) | H29: =I29/$I$37 -> 0 | I29: 0
A30: =A29+1 -> 3 | B30: Adicional Periculosidade 30% (Ver súmulas 364, 132 e 191 do TST) | H30: =I30/$I$37 -> 0 | I30: =IF(I8=30%,I28*I8,0) -> 0
A31: =A30+1 -> 4 | B31: Adicional Insalubridade 10% (Ver súmula 228 e 139 TST) | H31: =I31/$I$37 -> 0 | I31: =IF(I7=10%,I22*I7,0) -> 0
A32: =A31+1 -> 5 | B32: Adicional Insalubridade 20% (Ver súmula 228 e 139 TST) | H32: =I32/$I$37 -> 0 | I32: =IF(I7=20%,I22*I7,0) -> 0
A33: =A32+1 -> 6 | B33: Adicional Insalubridade 40% (Ver súmula 228 e 139 TST) | H33: =I33/$I$37 -> 0 | I33: =IF(I7=40%,I22*I7,0) -> 0
A34: =A33+1 -> 7 | B34: Adicional de Supervisor | H34: =I34/$I$37 -> 0 | I34: =IF(I21="Não aplicável",0,I28*I21) -> 0
A35: =A34+1 -> 8 | B35: DSR - Descanso Semanal Remunerado | H35: =I35/$I$37 -> 0 | I35: 0
A36: =A35+1 -> 9 | B36: =IF(D6="12x36","Para postos 12x36 os feriados são considerados compensados, conforme parágrafo único, Art. 59-A da CLT","Outros") -> Outros | H36: =I36/$I$37 -> 0 | I36: 0
A37: Total de Remuneração | H37: =SUM(H28:H36) -> 1 | I37: =SUM(I28:I36) -> 2248.03
A39: II | B39: Encargos Sociais - Grupo II: Obrigações Sociais | H39: % | I39: Valor Mensal/unidade de serviço (R$)
A40: 1 | B40: INSS (art. 22, inc. I, Lei nº 8.212/91) | H40: ='An. Banco Dados e de Sist. 44h'!H40 -> 0.2 | I40: =$I$37*H40 -> 449.606
A41: 2 | B41: SESI ou SESC (art. 30, Lei nº 8.036/90) | H41: 0.015 | I41: =$I$37*H41 -> 33.72045
A42: 3 | B42: SENAI ou SENAC (Decreto-Lei nº 2.318/86) | H42: 0.01 | I42: =$I$37*H42 -> 22.4803
A43: 4 | B43: INCRA (art. 15I, Lei Complementar nº 011/71) | H43: 0.002 | I43: =$I$37*H43 -> 4.49606
A44: 5 | B44: SALÁRIO EDUCAÇÃO (art. , inc. I, Decreto nº 87.043/82) | H44: 0.025 | I44: =$I$37*H44 -> 56.20075
A45: 6 | B45: FGTS (art. 15, Lei nº 8.036/90) | H45: 0.08 | I45: =$I$37*H45 -> 179.8424
A46: 7 | B46: SEG. ACIDENTE DO TRABALHO 1%, 2% e 3% (art. 22, inc. II, alíneas "b" e "c", da Lei nº 8.212/91) | H46: ='An. Banco Dados e de Sist. 44h'!H46 -> 0.03 | I46: =$I$37*H46 -> 67.4409
A47: 8 | B47: SEBRAE (§ 3º, art. 8º, Lei nº 8.029/90) | H47: 0.006 | I47: =$I$37*H47 -> 13.48818
A48: Total do Grupo II | H48: =SUM(H40:H47) -> 0.368 | I48: =SUM(I40:I47) -> 827.27504
A49: Os percentuais para o SAT podem variar de 0,50% a 6,00% em função do Fator de Acidente Previdenciário (FAP), Decreto nº 6.957/2009
A50: Deverá obrigatoriamente acompanhar a proposta de preços e a planilha de custos e formação de preços a prova do Fator Acidentário de Prevenção – FAP por meio de impressão de consulta ao site do Ministério da Previdência Social (que pode ser obtido no endereço eletrônico http://www2.dataprev.gov.br/fap/fap.htm), independentemente de alteração da alíquota da parcela do Seguro Acidente de Trabalho disposta no Quadro II da referida planilha.
A51: III | B51: Encargos Sociais - Grupo III: Tempo Não Trabalhado | H51: % | I51: Valor Mensal/unidade de serviço (R$)
A52: 1 | B52: FÉRIAS GOZADAS + ADICIONAL DE FÉRIAS | H52: 0.119314 | I52: =$I$37*H52 -> 268.22145
A53: 2 | B53: FALTAS ABONADAS (3) | H53: 0.020479 | I53: =$I$37*H53 -> 46.037406
A54: 3 | B54: FALTAS LEGAIS (4) | H54: 0.012123 | I54: =$I$37*H54 -> 27.252868
A55: 4 | B55: LICENÇA MATERNIDADE | H55: 0.011436 | I55: =$I$37*H55 -> 25.708471
A56: 5 | B56: LICENÇA PATERNIDADE | H56: 0.000174 | I56: =$I$37*H56 -> 0.39115722
A57: 6 | B57: ACIDENTE DE TRABALHO | H57: 0.000442 | I57: =$I$37*H57 -> 0.99362926
A58: 7 | B58: AVISO PRÉVIO TRABALHADO | H58: 0.000185 | I58: =$I$37*H58 -> 0.41588555
A59: 8 | B59: 13º SALÁRIO | H59: 0.09079 | I59: =$I$37*H59 -> 204.09864
A60: Total do Grupo III | H60: =SUM(H52:H59) -> 0.254943 | I60: =SUM(I52:I59) -> 573.11951
A61: (3) | B61: Faltas Justificadas por Auxílio Doença
A62: (4) | B62: Faltas Legais - Art. 473 CLT
A63: IV | B63: Encargos Sociais - Grupo IV: Indenizações | H63: % | I63: Valor Mensal/unidade de serviço (R$)
A64: 1 | B64: INDENIZAÇÕES | H64: 0.023627 | I64: =$I$37*H64 -> 53.114205
A65: 2 | B65: FGTS SOBRE INDENIZAÇÕES | H65: 0.001717 | I65: =$I$37*H65 -> 3.8598675
A66: 3 | B66: INDENIZAÇÃO COMPENSATÓRIA POR DEMISSÃO SEM JUSTA CAUSA | H66: 0.009451 | I66: =$I$37*H66 -> 21.246132
A67: Total do Grupo IV | H67: =SUM(H64:H66) -> 0.034795 | I67: =SUM(I64:I66) -> 78.220204
A69: V | B69: Encargos Sociais - Grupo V: Incidências | H69: % | I69: Valor Mensal/unidade de serviço (R$)
A70: 1 | B70: INCIDÊNCIA GRUPO II (Obrigações Sociais) X GRUPO III (Tempo Não Trabalhado) | H70: =(H48*H60) -> 0.093819024 | I70: =$I$37*H70 -> 210.90798
A71: Total do Grupo V | H71: =SUM(H70:H70) -> 0.093819024 | I71: =I70 -> 210.90798
A73: TOTAL DOS ENCAGOS SOCIAIS (II + III + IV + V) | H73: =H48+H60+H67+H71 -> 0.75155702 | I73: =I48+I60+I67+I71 -> 1689.5227
A75: VI | B75: Demais custos relativos à Norma Coletiva ou Disposições Legais - Grupo VI | H75: % | I75: Valor Mensal/unidade de serviço (R$)
A76: 1 | B76: Auxílio Alimentação | H76: =I76/$I$37 -> 0.24661593 | I76: =I93 -> 554.4
A77: 2 | B77: Auxílio Lanche | H77: =I77/$I$37 -> 0 | I77: =I89 -> 0
A78: 3 | B78: Vale-Transporte | H78: =I78/$I$37 -> 0.033948924 | I78: =I85 -> 76.3182
A79: 4 | B79: Adicional Intervalar | H79: =I79/$I$37 -> 0 | I79: =IF(I23="Não aplicável",0,((I9/H9)*1.5*I23)) -> 0
A80: 5 | B80: Outros | H80: =I80/$I$37 -> 0 | I80: =IF(I20="Não aplicável",0,I20) -> 0
A81: Total do Grupo VI | H81: =SUM(H76:H80) -> 0.28056485 | I81: =SUM(I76:I80) -> 630.7182
A83: MEMÓRIA DE CÁLCULO DO VALE TRANSPORTE
A84: Valor Unitário | C84: Dias de Trabalho | D84: Vale p/dia | E84: Custo total | F84: Base de cálculo | G84: Percentual de desconto | H84: Valor desconto | I84: Custo efetivo
A85: =I11 -> 4.8 | C85: =I12 -> 22 | D85: 2 | E85: =A85*C85*D85 -> 211.2 | F85: =I28 -> 2248.03 | G85: =I13 -> 0.06 | H85: =F85*G85 -> 134.8818 | I85: =IF((E85-H85)>0,E85-H85,0) -> 76.3182
A87: MEMÓRIA DE CÁLCULO DO VALE LANCHE
A88: Valor Unitário | C88: Dias por mês | D88: Vale p/dia | E88: Custo total | F88: Base de cálculo | G88: Percentual de desconto | H88: Valor desconto | I88: Custo efetivo
A89: =I17 -> 0 | C89: =I18 -> 0 | D89: 1 | E89: =A89*C89*D89 -> 0 | F89: =E89 -> 0 | G89: =I19 -> 0 | H89: =F89*G89 -> 0 | I89: =E89-H89 -> 0
A91: MEMÓRIA DE CÁLCULO DO VALE ALIMENTAÇÃO
A92: Valor Unitário | C92: Dias por mês | D92: Vale p/dia | E92: Custo total | F92: Base de cálculo | G92: Percentual de desconto | H92: =H84 -> Valor desconto | I92: Custo efetivo
A93: =I14 -> 31.5 | C93: =I15 -> 22 | D93: 1 | E93: =A93*C93*D93 -> 693 | F93: =E93 -> 693 | G93: =I16 -> 0.2 | H93: =F93*G93 -> 138.6 | I93: =E93-H93 -> 554.4
A95: TOTAL DO MONTANTE A (I + II + III+ IV + V +VI) | H95: =H37+H73+H81 -> 2.0321219 | I95: =I37+I73+I81 -> 4568.2709
A97: MONTANTE B
A98: I | B98: Despesas Diretas | H98: % | I98: Valor Mensal/unidade de serviço (R$)
A99: 1 | B99: Transporte (5) | H99: =I99/$I$110 -> 0 | I99: 0
A100: 2 | B100: Uniformes/EPI (5a) | H100: =I100/$I$110 -> 0 | I100: ='An. Banco Dados e de Sist. 44h'!I100 -> 0
A101: 3 | B101: Seguro de vida | H101: =I101/$I$110 -> 0 | I101: 0
A102: 4 | B102: Materiais/Equipamentos | H102: =I102/$I$110 -> 0 | I102: ='An. Banco Dados e de Sist. 44h'!I102 -> 0
A103: 5 | B103: Mobilização (6) | H103: =I103/$I$110 -> 0 | I103: 0
A104: 6 | B104: Outros (especificar) | H104: =I104/$I$110 -> 0 | I104: 0
A105: Total de Despesas Diretas | H105: =H99+H100+H101+H102+H103+H104 -> 0 | I105: =SUM(I99:I104) -> 0
B106: (5) Somente será preenchido quando o licitante fornecer transporte próprio (5a) EPI - Equipamento de Proteção Individual (6) Tais custos de mobilização não são renováveis, devendo ser eliminados após o primeiro ano de contrato caso haja prorrogação
A108: LIMITE QUADRO I (Despesas Diretas) sobre Montante A (exceto Vale-transporte), conforme alíneas "b.2" e "b.3", Inc. II, art. 7º, do Decreto 52.768/2015, alterado pelo Decreto 53.424/2017: 10% SEM MATERIAIS/EQUIPAMENTOS; 20% COM MATERIAIS/EQUIPAMENTOS | F108: =I24 -> 0.1 | G108: =I110*F108 -> 449.19527 | H108: Dedução Vale Transporte | I108: =I78 -> 76.3182
A109: Remuneração (Grupo I) | C109: Obrigações Sociais (Grupo II) | D109: Tempo Não Trabalhado (Grupo III) | E109: Indenizações (Grupo IV) | F109: Incidências (Grupo V) | G109: Demais Custos CCT | H109: Total Montante A | I109: Base de Cálculo
A110: =I37 -> 2248.03 | C110: =I48 -> 827.27504 | D110: =I60 -> 573.11951 | E110: =I67 -> 78.220204 | F110: =I71 -> 210.90798 | G110: =I81 -> 630.7182 | H110: =A110+C110+D110+E110+F110+G110 -> 4568.2709 | I110: =H110-I108 -> 4491.9527
A112: II | B112: Despesas Indiretas | H112: % | I112: Valor Mensal/unidade de serviço (R$)
A113: 1 | B113: Despesas Administrativas | H113: =I113/$I$123 -> 0 | I113: ='An. Banco Dados e de Sist. 44h'!I113 -> 0
...

Sheet Supervisor 44h
A1: PLANILHA DE CUSTOS E FORMAÇÃO DE PREÇOS DE SERVIÇOS CONTINUADOS COM DEDICAÇÃO EXCLUSIVA DE MÃO DE OBRA (ANEXO III - DECRETOS 52.768 de 15.12.2015)
A2: PROCESSO: | E2: REGIME DE TRIBUTAÇÃO: LUCRO REAL
A3: LICITAÇÃO/EDITAL | E3: ABERTURA:
A5: Cargo/Função: | D5: Supervisor | G5: =IF(D6="12x36","Regime de trabalho:","Quantidade de HORAS/MÊS") -> Quantidade de HORAS/MÊS | I5: =IF(D6="12x36",D6,5*D6) -> 220
A6: =IF(D6="12x36","Regime de trabalho:","Regime de trabalho (horas semanais):") -> Regime de trabalho (horas semanais): | D6: 44
A7: Origem do salário e/ou CCT: | G7: INSALUBRIDADE (10%, 20%, 40%) | I7: Não aplicável
A8: Cidade: | D8: Porto Alegre | G8: PERICULOSIDADE (30%) | I8: Não aplicável
A9: Salário Normativo | G9: =IF(D6="12x36","Vlr. Do salário e Regime de trabalho","Vlr. Do salário e nº de horas correspondentes") -> Vlr. Do salário e nº de horas correspondentes | H9: 220 | I9: 2161.09
A10: ISS | G10: =D8 -> Porto Alegre | H10: Alíquota | I10: 0.05
A11: Tarifa Transporte | G11: CCT | H11: Vr. Unitário | I11: 4.8
H12: Dias | I12: 22
H13: Desconto | I13: 0.06
A14: Auxílio Alimentação (Cláusula 18ª da CCT) | G14: CCT | H14: Vr. Unitário | I14: 25.42
H15: Dias | I15: 22
H16: Desconto | I16: 0.19
A17: Auxílio Lanche (Não aplicável - Cláusula 19ª da CCT) | G17: CCT | H17: Vr. Unitário | I17: 0
H18: Dias | I18: 0
H19: Desconto | I19: 0
A20: PLANO DE BENEFÍCIO SOCIAL FAMILIAR (Cláusula 29ª da CCT) | G20: CCT | H20: Valor mensal | I20: 24.1
A21: Adicional de Supervisor | H21: Porcentagem | I21: 0.37
A22: Base de cálculo da insalubridade: salário normativo proporcional conforme Parecer da PGE/RS nº 18200-20. Atentar-se para a observação 2 do Anexo I - Folha de Dados (CGL 12.1.2). | H22: Valor | I22: Não aplicável
A23: Hora Intervalar | H23: Horas por mês | I23: Não aplicável
A24: Sem fornecimento de materiais ou apenas fornecimento de EPIs ou uniformes, utilizar 10%. Com fornecimento de materiais ou equipamentos, utilizar 20%. (Decreto 52.768/2015, alterado pelo Decreto 53.424/2017) | H24: Porcentagem | I24: 0.1
A26: MONTANTE A
A27: I | B27: Remuneração - Grupo I | H27: % | I27: Valor Mensal/unidade de serviço (R$)
A28: 1 | B28: Salário | H28: =I28/$I$37 -> 0.72992701 | I28: =IF(D6="12x36",I9,I9/H9*I5) -> 2161.09
A29: =A28+1 -> 2 | B29: Adicional Noturno 20% (Ver súmula 60 TST) | H29: =I29/$I$37 -> 0 | I29: 0
A30: =A29+1 -> 3 | B30: Adicional Periculosidade 30% (Ver súmulas 364, 132 e 191 do TST) | H30: =I30/$I$37 -> 0 | I30: =IF(I8=30%,I28*I8,0) -> 0
A31: =A30+1 -> 4 | B31: Adicional Insalubridade 10% (Ver súmula 228 e 139 TST) | H31: =I31/$I$37 -> 0 | I31: =IF(I7=10%,I22*I7,0) -> 0
A32: =A31+1 -> 5 | B32: Adicional Insalubridade 20% (Ver súmula 228 e 139 TST) | H32: =I32/$I$37 -> 0 | I32: =IF(I7=20%,I22*I7,0) -> 0
A33: =A32+1 -> 6 | B33: Adicional Insalubridade 40% (Ver súmula 228 e 139 TST) | H33: =I33/$I$37 -> 0 | I33: =IF(I7=40%,I22*I7,0) -> 0
A34: =A33+1 -> 7 | B34: Adicional de Supervisor | H34: =I34/$I$37 -> 0.27007299 | I34: =IF(I21="Não aplicável",0,I28*I21) -> 799.6033
A35: =A34+1 -> 8 | B35: DSR - Descanso Semanal Remunerado | H35: =I35/$I$37 -> 0 | I35: 0
A36: =A35+1 -> 9 | B36: =IF(D6="12x36","Para postos 12x36 os feriados são considerados compensados, conforme parágrafo único, Art. 59-A da CLT","Outros") -> Outros | H36: =I36/$I$37 -> 0 | I36: 0
A37: Total de Remuneração | H37: =SUM(H28:H36) -> 1 | I37: =SUM(I28:I36) -> 2960.6933
A39: II | B39: Encargos Sociais - Grupo II: Obrigações Sociais | H39: % | I39: Valor Mensal/unidade de serviço (R$)
A40: 1 | B40: INSS (art. 22, inc. I, Lei nº 8.212/91) | H40: ='Tec em Manut e de Rede 44h'!H40 -> 0.2 | I40: =$I$37*H40 -> 592.13866
A41: 2 | B41: SESI ou SESC (art. 30, Lei nº 8.036/90) | H41: 0.015 | I41: =$I$37*H41 -> 44.410399
A42: 3 | B42: SENAI ou SENAC (Decreto-Lei nº 2.318/86) | H42: 0.01 | I42: =$I$37*H42 -> 29.606933
A43: 4 | B43: INCRA (art. 15I, Lei Complementar nº 011/71) | H43: 0.002 | I43: =$I$37*H43 -> 5.9213866
A44: 5 | B44: SALÁRIO EDUCAÇÃO (art. , inc. I, Decreto nº 87.043/82) | H44: 0.025 | I44: =$I$37*H44 -> 74.017332
A45: 6 | B45: FGTS (art. 15, Lei nº 8.036/90) | H45: 0.08 | I45: =$I$37*H45 -> 236.85546
A46: 7 | B46: SEG. ACIDENTE DO TRABALHO 1%, 2% e 3% (art. 22, inc. II, alíneas "b" e "c", da Lei nº 8.212/91) | H46: ='Tec em Manut e de Rede 44h'!H46 -> 0.03 | I46: =$I$37*H46 -> 88.820799
A47: 8 | B47: SEBRAE (§ 3º, art. 8º, Lei nº 8.029/90) | H47: 0.006 | I47: =$I$37*H47 -> 17.76416
A48: Total do Grupo II | H48: =SUM(H40:H47) -> 0.368 | I48: =SUM(I40:I47) -> 1089.5351
A49: Os percentuais para o SAT podem variar de 0,50% a 6,00% em função do Fator de Acidente Previdenciário (FAP), Decreto nº 6.957/2009
A50: Deverá obrigatoriamente acompanhar a proposta de preços e a planilha de custos e formação de preços a prova do Fator Acidentário de Prevenção – FAP por meio de impressão de consulta ao site do Ministério da Previdência Social (que pode ser obtido no endereço eletrônico http://www2.dataprev.gov.br/fap/fap.htm), independentemente de alteração da alíquota da parcela do Seguro Acidente de Trabalho disposta no Quadro II da referida planilha.
A51: III | B51: Encargos Sociais - Grupo III: Tempo Não Trabalhado | H51: % | I51: Valor Mensal/unidade de serviço (R$)
A52: 1 | B52: FÉRIAS GOZADAS + ADICIONAL DE FÉRIAS | H52: 0.119314 | I52: =$I$37*H52 -> 353.25216
A53: 2 | B53: FALTAS ABONADAS (3) | H53: 0.020479 | I53: =$I$37*H53 -> 60.632038
A54: 3 | B54: FALTAS LEGAIS (4) | H54: 0.012123 | I54: =$I$37*H54 -> 35.892485
A55: 4 | B55: LICENÇA MATERNIDADE | H55: 0.011436 | I55: =$I$37*H55 -> 33.858489
A56: 5 | B56: LICENÇA PATERNIDADE | H56: 0.000174 | I56: =$I$37*H56 -> 0.51516063
A57: 6 | B57: ACIDENTE DE TRABALHO | H57: 0.000442 | I57: =$I$37*H57 -> 1.3086264
A58: 7 | B58: AVISO PRÉVIO TRABALHADO | H58: 0.000185 | I58: =$I$37*H58 -> 0.54772826
A59: 8 | B59: 13º SALÁRIO | H59: 0.09079 | I59: =$I$37*H59 -> 268.80134
A60: Total do Grupo III | H60: =SUM(H52:H59) -> 0.254943 | I60: =SUM(I52:I59) -> 754.80803
A61: (3) | B61: Faltas Justificadas por Auxílio Doença
A62: (4) | B62: Faltas Legais - Art. 473 CLT
A63: IV | B63: Encargos Sociais - Grupo IV: Indenizações | H63: % | I63: Valor Mensal/unidade de serviço (R$)
A64: 1 | B64: INDENIZAÇÕES | H64: 0.023627 | I64: =$I$37*H64 -> 69.952301
A65: 2 | B65: FGTS SOBRE INDENIZAÇÕES | H65: 0.001717 | I65: =$I$37*H65 -> 5.0835104
A66: 3 | B66: INDENIZAÇÃO COMPENSATÓRIA POR DEMISSÃO SEM JUSTA CAUSA | H66: 0.009451 | I66: =$I$37*H66 -> 27.981512
A67: Total do Grupo IV | H67: =SUM(H64:H66) -> 0.034795 | I67: =SUM(I64:I66) -> 103.01732
A69: V | B69: Encargos Sociais - Grupo V: Incidências | H69: % | I69: Valor Mensal/unidade de serviço (R$)
A70: 1 | B70: INCIDÊNCIA GRUPO II (Obrigações Sociais) X GRUPO III (Tempo Não Trabalhado) | H70: =(H48*H60) -> 0.093819024 | I70: =$I$37*H70 -> 277.76936
A71: Total do Grupo V | H71: =SUM(H70:H70) -> 0.093819024 | I71: =I70 -> 277.76936
A73: TOTAL DOS ENCAGOS SOCIAIS (II + III + IV + V) | H73: =H48+H60+H67+H71 -> 0.75155702 | I73: =I48+I60+I67+I71 -> 2225.1298
A75: VI | B75: Demais custos relativos à Norma Coletiva ou Disposições Legais - Grupo VI | H75: % | I75: Valor Mensal/unidade de serviço (R$)
A76: 1 | B76: Auxílio Alimentação | H76: =I76/$I$37 -> 0.15299943 | I76: =I93 -> 452.9844
A77: 2 | B77: Auxílio Lanche | H77: =I77/$I$37 -> 0 | I77: =I89 -> 0
A78: 3 | B78: Vale-Transporte | H78: =I78/$I$37 -> 0.027539023 | I78: =I85 -> 81.5346
A79: 4 | B79: Adicional Intervalar | H79: =I79/$I$37 -> 0 | I79: =IF(I23="Não aplicável",0,((I9/H9)*1.5*I23)) -> 0
A80: 5 | B80: Outros | H80: =I80/$I$37 -> 0 | I80: 0
A81: Total do Grupo VI | H81: =SUM(H76:H80) -> 0.18053846 | I81: =SUM(I76:I80) -> 534.519
A83: MEMÓRIA DE CÁLCULO DO VALE TRANSPORTE
A84: Valor Unitário | C84: Dias de Trabalho | D84: Vale p/dia | E84: Custo total | F84: Base de cálculo | G84: Percentual de desconto | H84: Valor desconto | I84: Custo efetivo
A85: =I11 -> 4.8 | C85: =I12 -> 22 | D85: 2 | E85: =A85*C85*D85 -> 211.2 | F85: =I28 -> 2161.09 | G85: =I13 -> 0.06 | H85: =F85*G85 -> 129.6654 | I85: =IF((E85-H85)>0,E85-H85,0) -> 81.5346
A87: MEMÓRIA DE CÁLCULO DO VALE LANCHE
A88: Valor Unitário | C88: Dias por mês | D88: Vale p/dia | E88: Custo total | F88: Base de cálculo | G88: Percentual de desconto | H88: Valor desconto | I88: Custo efetivo
A89: =I17 -> 0 | C89: =I18 -> 0 | D89: 1 | E89: =A89*C89*D89 -> 0 | F89: =E89 -> 0 | G89: =I19 -> 0 | H89: =F89*G89 -> 0 | I89: =E89-H89 -> 0
A91: MEMÓRIA DE CÁLCULO DO VALE ALIMENTAÇÃO
A92: Valor Unitário | C92: Dias por mês | D92: Vale p/dia | E92: Custo total | F92: Base de cálculo | G92: Percentual de desconto | H92: =H84 -> Valor desconto | I92: Custo efetivo
A93: =I14 -> 25.42 | C93: =I15 -> 22 | D93: 1 | E93: =A93*C93*D93 -> 559.24 | F93: =E93 -> 559.24 | G93: =I16 -> 0.19 | H93: =F93*G93 -> 106.2556 | I93: =E93-H93 -> 452.9844
A95: TOTAL DO MONTANTE A (I + II + III+ IV + V +VI) | H95: =H37+H73+H81 -> 1.9320955 | I95: =I37+I73+I81 -> 5720.3421
A97: MONTANTE B
A98: I | B98: Despesas Diretas | H98: % | I98: Valor Mensal/unidade de serviço (R$)
A99: 1 | B99: Transporte (5) | H99: =I99/$I$110 -> 0 | I99: 0
A100: 2 | B100: Uniformes/EPI (5a) | H100: =I100/$I$110 -> 0 | I100: ='Tec em Manut e de Rede 44h'!I100 -> 0
A101: 3 | B101: Seguro de vida | H101: =I101/$I$110 -> 0 | I101: 0
A102: 4 | B102: Materiais/Equipamentos | H102: =I102/$I$110 -> 0 | I102: ='Tec em Manut e de Rede 44h'!I102 -> 0
A103: 5 | B103: Mobilização (6) | H103: =I103/$I$110 -> 0 | I103: 0
A104: 6 | B104: Outros (especificar) | H104: =I104/$I$110 -> 0 | I104: 0
A105: Total de Despesas Diretas | H105: =H99+H100+H101+H102+H103+H104 -> 0 | I105: =SUM(I99:I104) -> 0
B106: (5) Somente será preenchido quando o licitante fornecer transporte próprio (5a) EPI - Equipamento de Proteção Individual (6) Tais custos de mobilização não são renováveis, devendo ser eliminados após o primeiro ano de contrato caso haja prorrogação
A108: LIMITE QUADRO I (Despesas Diretas) sobre Montante A (exceto Vale-transporte), conforme alíneas "b.2" e "b.3", Inc. II, art. 7º, do Decreto 52.768/2015, alterado pelo Decreto 53.424/2017: 10% SEM MATERIAIS/EQUIPAMENTOS; 20% COM MATERIAIS/EQUIPAMENTOS | F108: =I24 -> 0.1 | G108: =I110*F108 -> 563.88075 | H108: Dedução Vale Transporte | I108: =I78 -> 81.5346
A109: Remuneração (Grupo I) | C109: Obrigações Sociais (Grupo II) | D109: Tempo Não Trabalhado (Grupo III) | E109: Indenizações (Grupo IV) | F109: Incidências (Grupo V) | G109: Demais Custos CCT | H109: Total Montante A | I109: Base de Cálculo
A110: =I37 -> 2960.6933 | C110: =I48 -> 1089.5351 | D110: =I60 -> 754.80803 | E110: =I67 -> 103.01732 | F110: =I71 -> 277.76936 | G110: =I81 -> 534.519 | H110: =A110+C110+D110+E110+F110+G110 -> 5720.3421 | I110: =H110-I108 -> 5638.8075
A112: II | B112: Despesas Indiretas | H112: % | I112: Valor Mensal/unidade de serviço (R$)
A113: 1 | B113: Despesas Administrativas | H113: =I113/$I$123 -> 0 | I113: ='Tec em Manut e de Rede 44h'!I113 -> 0
...

Sheet Aux. de Superv. 44h
A1: PLANILHA DE CUSTOS E FORMAÇÃO DE PREÇOS DE SERVIÇOS CONTINUADOS COM DEDICAÇÃO EXCLUSIVA DE MÃO DE OBRA (ANEXO III - DECRETOS 52.768 de 15.12.2015)
A2: PROCESSO: | E2: REGIME DE TRIBUTAÇÃO: LUCRO REAL
A3: LICITAÇÃO/EDITAL | E3: ABERTURA:
A5: Cargo/Função: | D5: Auxiliar de Supervisor | G5: =IF(D6="12x36","Regime de trabalho:","Quantidade de HORAS/MÊS") -> Quantidade de HORAS/MÊS | I5: =IF(D6="12x36",D6,5*D6) -> 220
A6: =IF(D6="12x36","Regime de trabalho:","Regime de trabalho (horas semanais):") -> Regime de trabalho (horas semanais): | D6: 44
A7: Origem do salário e/ou CCT: | G7: INSALUBRIDADE (10%, 20%, 40%) | I7: Não aplicável
A8: Cidade: | D8: Porto Alegre | G8: PERICULOSIDADE (30%) | I8: Não aplicável
A9: Salário Normativo | G9: =IF(D6="12x36","Vlr. Do salário e Regime de trabalho","Vlr. Do salário e nº de horas correspondentes") -> Vlr. Do salário e nº de horas correspondentes | H9: 220 | I9: 2161.09
A10: ISS | G10: =D8 -> Porto Alegre | H10: Alíquota | I10: 0.05
A11: Tarifa Transporte | G11: CCT | H11: Vr. Unitário | I11: 4.8
H12: Dias | I12: 22
H13: Desconto | I13: 0.06
A14: Auxílio Alimentação (Cláusula 18ª da CCT) | G14: CCT | H14: Vr. Unitário | I14: 25.42
H15: Dias | I15: 22
H16: Desconto | I16: 0.19
A17: Auxílio Lanche (Não aplicável - Cláusula 19ª da CCT) | G17: CCT | H17: Vr. Unitário | I17: 0
H18: Dias | I18: 0
H19: Desconto | I19: 0
A20: PLANO DE BENEFÍCIO SOCIAL FAMILIAR (Cláusula 29ª da CCT) | G20: CCT | H20: Valor mensal | I20: 24.1
A21: Adicional de Supervisor | H21: Porcentagem | I21: 0.3
A22: Base de cálculo da insalubridade: salário normativo proporcional conforme Parecer da PGE/RS nº 18200-20. Atentar-se para a observação 2 do Anexo I - Folha de Dados (CGL 12.1.2). | H22: Valor | I22: Não aplicável
A23: Hora Intervalar | H23: Horas por mês | I23: Não aplicável
A24: Sem fornecimento de materiais ou apenas fornecimento de EPIs ou uniformes, utilizar 10%. Com fornecimento de materiais ou equipamentos, utilizar 20%. (Decreto 52.768/2015, alterado pelo Decreto 53.424/2017) | H24: Porcentagem | I24: 0.1
A26: MONTANTE A
A27: I | B27: Remuneração - Grupo I | H27: % | I27: Valor Mensal/unidade de serviço (R$)
A28: 1 | B28: Salário | H28: =I28/$I$37 -> 0.76923077 | I28: =IF(D6="12x36",I9,I9/H9*I5) -> 2161.09
A29: =A28+1 -> 2 | B29: Adicional Noturno 20% (Ver súmula 60 TST) | H29: =I29/$I$37 -> 0 | I29: 0
A30: =A29+1 -> 3 | B30: Adicional Periculosidade 30% (Ver súmulas 364, 132 e 191 do TST) | H30: =I30/$I$37 -> 0 | I30: =IF(I8=30%,I28*I8,0) -> 0
A31: =A30+1 -> 4 | B31: Adicional Insalubridade 10% (Ver súmula 228 e 139 TST) | H31: =I31/$I$37 -> 0 | I31: =IF(I7=10%,I22*I7,0) -> 0
A32: =A31+1 -> 5 | B32: Adicional Insalubridade 20% (Ver súmula 228 e 139 TST) | H32: =I32/$I$37 -> 0 | I32: =IF(I7=20%,I22*I7,0) -> 0
A33: =A32+1 -> 6 | B33: Adicional Insalubridade 40% (Ver súmula 228 e 139 TST) | H33: =I33/$I$37 -> 0 | I33: =IF(I7=40%,I22*I7,0) -> 0
A34: =A33+1 -> 7 | B34: Adicional de Supervisor | H34: =I34/$I$37 -> 0.23076923 | I34: =IF(I21="Não aplicável",0,I28*I21) -> 648.327
A35: =A34+1 -> 8 | B35: DSR - Descanso Semanal Remunerado | H35: =I35/$I$37 -> 0 | I35: 0
A36: =A35+1 -> 9 | B36: =IF(D6="12x36","Para postos 12x36 os feriados são considerados compensados, conforme parágrafo único, Art. 59-A da CLT","Outros") -> Outros | H36: =I36/$I$37 -> 0 | I36: 0
A37: Total de Remuneração | H37: =SUM(H28:H36) -> 1 | I37: =SUM(I28:I36) -> 2809.417
A39: II | B39: Encargos Sociais - Grupo II: Obrigações Sociais | H39: % | I39: Valor Mensal/unidade de serviço (R$)
A40: 1 | B40: INSS (art. 22, inc. I, Lei nº 8.212/91) | H40: ='Supervisor 44h'!H40 -> 0.2 | I40: =$I$37*H40 -> 561.8834
A41: 2 | B41: SESI ou SESC (art. 30, Lei nº 8.036/90) | H41: 0.015 | I41: =$I$37*H41 -> 42.141255
A42: 3 | B42: SENAI ou SENAC (Decreto-Lei nº 2.318/86) | H42: 0.01 | I42: =$I$37*H42 -> 28.09417
A43: 4 | B43: INCRA (art. 15I, Lei Complementar nº 011/71) | H43: 0.002 | I43: =$I$37*H43 -> 5.618834
A44: 5 | B44: SALÁRIO EDUCAÇÃO (art. , inc. I, Decreto nº 87.043/82) | H44: 0.025 | I44: =$I$37*H44 -> 70.235425
A45: 6 | B45: FGTS (art. 15, Lei nº 8.036/90) | H45: 0.08 | I45: =$I$37*H45 -> 224.75336
A46: 7 | B46: SEG. ACIDENTE DO TRABALHO 1%, 2% e 3% (art. 22, inc. II, alíneas "b" e "c", da Lei nº 8.212/91) | H46: ='Supervisor 44h'!H46 -> 0.03 | I46: =$I$37*H46 -> 84.28251
A47: 8 | B47: SEBRAE (§ 3º, art. 8º, Lei nº 8.029/90) | H47: 0.006 | I47: =$I$37*H47 -> 16.856502
A48: Total do Grupo II | H48: =SUM(H40:H47) -> 0.368 | I48: =SUM(I40:I47) -> 1033.8655
A49: Os percentuais para o SAT podem variar de 0,50% a 6,00% em função do Fator de Acidente Previdenciário (FAP), Decreto nº 6.957/2009
A50: Deverá obrigatoriamente acompanhar a proposta de preços e a planilha de custos e formação de preços a prova do Fator Acidentário de Prevenção – FAP por meio de impressão de consulta ao site do Ministério da Previdência Social (que pode ser obtido no endereço eletrônico http://www2.dataprev.gov.br/fap/fap.htm), independentemente de alteração da alíquota da parcela do Seguro Acidente de Trabalho disposta no Quadro II da referida planilha.
A51: III | B51: Encargos Sociais - Grupo III: Tempo Não Trabalhado | H51: % | I51: Valor Mensal/unidade de serviço (R$)
A52: 1 | B52: FÉRIAS GOZADAS + ADICIONAL DE FÉRIAS | H52: 0.119314 | I52: =$I$37*H52 -> 335.20278
A53: 2 | B53: FALTAS ABONADAS (3) | H53: 0.020479 | I53: =$I$37*H53 -> 57.534051
A54: 3 | B54: FALTAS LEGAIS (4) | H54: 0.012123 | I54: =$I$37*H54 -> 34.058562
A55: 4 | B55: LICENÇA MATERNIDADE | H55: 0.011436 | I55: =$I$37*H55 -> 32.128493
A56: 5 | B56: LICENÇA PATERNIDADE | H56: 0.000174 | I56: =$I$37*H56 -> 0.48883856
A57: 6 | B57: ACIDENTE DE TRABALHO | H57: 0.000442 | I57: =$I$37*H57 -> 1.2417623
A58: 7 | B58: AVISO PRÉVIO TRABALHADO | H58: 0.000185 | I58: =$I$37*H58 -> 0.51974215
A59: 8 | B59: 13º SALÁRIO | H59: 0.09079 | I59: =$I$37*H59 -> 255.06697
A60: Total do Grupo III | H60: =SUM(H52:H59) -> 0.254943 | I60: =SUM(I52:I59) -> 716.2412
A61: (3) | B61: Faltas Justificadas por Auxílio Doença
A62: (4) | B62: Faltas Legais - Art. 473 CLT
A63: IV | B63: Encargos Sociais - Grupo IV: Indenizações | H63: % | I63: Valor Mensal/unidade de serviço (R$)
A64: 1 | B64: INDENIZAÇÕES | H64: 0.023627 | I64: =$I$37*H64 -> 66.378095
A65: 2 | B65: FGTS SOBRE INDENIZAÇÕES | H65: 0.001717 | I65: =$I$37*H65 -> 4.823769
A66: 3 | B66: INDENIZAÇÃO COMPENSATÓRIA POR DEMISSÃO SEM JUSTA CAUSA | H66: 0.009451 | I66: =$I$37*H66 -> 26.5518
A67: Total do Grupo IV | H67: =SUM(H64:H66) -> 0.034795 | I67: =SUM(I64:I66) -> 97.753665
A69: V | B69: Encargos Sociais - Grupo V: Incidências | H69: % | I69: Valor Mensal/unidade de serviço (R$)
A70: 1 | B70: INCIDÊNCIA GRUPO II (Obrigações Sociais) X GRUPO III (Tempo Não Trabalhado) | H70: =(H48*H60) -> 0.093819024 | I70: =$I$37*H70 -> 263.57676
A71: Total do Grupo V | H71: =SUM(H70:H70) -> 0.093819024 | I71: =I70 -> 263.57676
A73: TOTAL DOS ENCAGOS SOCIAIS (II + III + IV + V) | H73: =H48+H60+H67+H71 -> 0.75155702 | I73: =I48+I60+I67+I71 -> 2111.4371
A75: VI | B75: Demais custos relativos à Norma Coletiva ou Disposições Legais - Grupo VI | H75: % | I75: Valor Mensal/unidade de serviço (R$)
A76: 1 | B76: Auxílio Alimentação | H76: =I76/$I$37 -> 0.16123787 | I76: =I93 -> 452.9844
A77: 2 | B77: Auxílio Lanche | H77: =I77/$I$37 -> 0 | I77: =I89 -> 0
A78: 3 | B78: Vale-Transporte | H78: =I78/$I$37 -> 0.029021893 | I78: =I85 -> 81.5346
A79: 4 | B79: Adicional Intervalar | H79: =I79/$I$37 -> 0 | I79: =IF(I23="Não aplicável",0,((I9/H9)*1.5*I23)) -> 0
A80: 5 | B80: Outros | H80: =I80/$I$37 -> 0 | I80: 0
A81: Total do Grupo VI | H81: =SUM(H76:H80) -> 0.19025976 | I81: =SUM(I76:I80) -> 534.519
A83: MEMÓRIA DE CÁLCULO DO VALE TRANSPORTE
A84: Valor Unitário | C84: Dias de Trabalho | D84: Vale p/dia | E84: Custo total | F84: Base de cálculo | G84: Percentual de desconto | H84: Valor desconto | I84: Custo efetivo
A85: =I11 -> 4.8 | C85: =I12 -> 22 | D85: 2 | E85: =A85*C85*D85 -> 211.2 | F85: =I28 -> 2161.09 | G85: =I13 -> 0.06 | H85: =F85*G85 -> 129.6654 | I85: =IF((E85-H85)>0,E85-H85,0) -> 81.5346
A87: MEMÓRIA DE CÁLCULO DO VALE LANCHE
A88: Valor Unitário | C88: Dias por mês | D88: Vale p/dia | E88: Custo total | F88: Base de cálculo | G88: Percentual de desconto | H88: Valor desconto | I88: Custo efetivo
A89: =I17 -> 0 | C89: =I18 -> 0 | D89: 1 | E89: =A89*C89*D89 -> 0 | F89: =E89 -> 0 | G89: =I19 -> 0 | H89: =F89*G89 -> 0 | I89: =E89-H89 -> 0
A91: MEMÓRIA DE CÁLCULO DO VALE ALIMENTAÇÃO
A92: Valor Unitário | C92: Dias por mês | D92: Vale p/dia | E92: Custo total | F92: Base de cálculo | G92: Percentual de desconto | H92: =H84 -> Valor desconto | I92: Custo efetivo
A93: =I14 -> 25.42 | C93: =I15 -> 22 | D93: 1 | E93: =A93*C93*D93 -> 559.24 | F93: =E93 -> 559.24 | G93: =I16 -> 0.19 | H93: =F93*G93 -> 106.2556 | I93: =E93-H93 -> 452.9844
A95: TOTAL DO MONTANTE A (I + II + III+ IV + V +VI) | H95: =H37+H73+H81 -> 1.9418168 | I95: =I37+I73+I81 -> 5455.3731
A97: MONTANTE B
A98: I | B98: Despesas Diretas | H98: % | I98: Valor Mensal/unidade de serviço (R$)
A99: 1 | B99: Transporte (5) | H99: =I99/$I$110 -> 0 | I99: 0
A100: 2 | B100: Uniformes/EPI (5a) | H100: =I100/$I$110 -> 0 | I100: ='Supervisor 44h'!I100 -> 0
A101: 3 | B101: Seguro de vida | H101: =I101/$I$110 -> 0 | I101: 0
A102: 4 | B102: Materiais/Equipamentos | H102: =I102/$I$110 -> 0 | I102: ='Supervisor 44h'!I102 -> 0
A103: 5 | B103: Mobilização (6) | H103: =I103/$I$110 -> 0 | I103: 0
A104: 6 | B104: Outros (especificar) | H104: =I104/$I$110 -> 0 | I104: 0
A105: Total de Despesas Diretas | H105: =H99+H100+H101+H102+H103+H104 -> 0 | I105: =SUM(I99:I104) -> 0
B106: (5) Somente será preenchido quando o licitante fornecer transporte próprio (5a) EPI - Equipamento de Proteção Individual (6) Tais custos de mobilização não são renováveis, devendo ser eliminados após o primeiro ano de contrato caso haja prorrogação
A108: LIMITE QUADRO I (Despesas Diretas) sobre Montante A (exceto Vale-transporte), conforme alíneas "b.2" e "b.3", Inc. II, art. 7º, do Decreto 52.768/2015, alterado pelo Decreto 53.424/2017: 10% SEM MATERIAIS/EQUIPAMENTOS; 20% COM MATERIAIS/EQUIPAMENTOS | F108: =I24 -> 0.1 | G108: =I110*F108 -> 537.38385 | H108: Dedução Vale Transporte | I108: =I78 -> 81.5346
A109: Remuneração (Grupo I) | C109: Obrigações Sociais (Grupo II) | D109: Tempo Não Trabalhado (Grupo III) | E109: Indenizações (Grupo IV) | F109: Incidências (Grupo V) | G109: Demais Custos CCT | H109: Total Montante A | I109: Base de Cálculo
A110: =I37 -> 2809.417 | C110: =I48 -> 1033.8655 | D110: =I60 -> 716.2412 | E110: =I67 -> 97.753665 | F110: =I71 -> 263.57676 | G110: =I81 -> 534.519 | H110: =A110+C110+D110+E110+F110+G110 -> 5455.3731 | I110: =H110-I108 -> 5373.8385
A112: II | B112: Despesas Indiretas | H112: % | I112: Valor Mensal/unidade de serviço (R$)
A113: 1 | B113: Despesas Administrativas | H113: =I113/$I$123 -> 0 | I113: ='Supervisor 44h'!I113 -> 0
...

Sheet Aux Sup 44h Canoas 
A1: PLANILHA DE CUSTOS E FORMAÇÃO DE PREÇOS DE SERVIÇOS CONTINUADOS COM DEDICAÇÃO EXCLUSIVA DE MÃO DE OBRA (ANEXO III - DECRETOS 52.768 de 15.12.2015)
A2: PROCESSO: | E2: REGIME DE TRIBUTAÇÃO: LUCRO REAL
A3: LICITAÇÃO/EDITAL | E3: ABERTURA:
A5: Cargo/Função: | D5: Auxiliar de Serviços Administrativos | G5: =IF(D6="12x36","Regime de trabalho:","Quantidade de HORAS/MÊS") -> Quantidade de HORAS/MÊS | I5: 220
A6: =IF(D6="12x36","Regime de trabalho:","Regime de trabalho (horas semanais):") -> Regime de trabalho (horas semanais): | D6: 40
A7: Origem do salário e/ou CCT: | G7: INSALUBRIDADE (10%, 20%, 40%) | I7: Não aplicável
A8: Cidade: | D8: Canoas | G8: PERICULOSIDADE (30%) | I8: Não aplicável
A9: Salário Normativo | G9: =IF(D6="12x36","Vlr. Do salário e Regime de trabalho","Vlr. Do salário e nº de horas correspondentes") -> Vlr. Do salário e nº de horas correspondentes | H9: 220 | I9: 2161.09
A10: ISS | G10: =D8 -> Canoas | H10: Alíquota | I10: 0.03
A11: Tarifa Transporte | G11: CCT | H11: Vr. Unitário | I11: 4.8
H12: Dias | I12: 22
H13: Desconto | I13: 0.06
A14: Auxílio Alimentação (Cláusula 18ª da CCT) | G14: CCT | H14: Vr. Unitário | I14: 25.42
H15: Dias | I15: 22
H16: Desconto | I16: 0.19
A17: Auxílio Lanche (Não aplicável - Cláusula 19ª da CCT) | G17: CCT | H17: Vr. Unitário | I17: 0
H18: Dias | I18: 0
H19: Desconto | I19: 0
A20: PLANO DE BENEFÍCIO SOCIAL FAMILIAR (Cláusula 29ª da CCT) | G20: CCT | H20: Valor mensal | I20: 24.1
A21: Adicional de Supervisor | H21: Porcentagem | I21: 0.3
A22: Base de cálculo da insalubridade: salário normativo proporcional conforme Parecer da PGE/RS nº 18200-20. Atentar-se para a observação 2 do Anexo I - Folha de Dados (CGL 12.1.2). | H22: Valor | I22: Não aplicável
A23: Hora Intervalar | H23: Horas por mês | I23: Não aplicável
A24: Sem fornecimento de materiais ou apenas fornecimento de EPIs ou uniformes, utilizar 10%. Com fornecimento de materiais ou equipamentos, utilizar 20%. (Decreto 52.768/2015, alterado pelo Decreto 53.424/2017) | H24: Porcentagem | I24: 0.1
A26: MONTANTE A
A27: I | B27: Remuneração - Grupo I | H27: % | I27: Valor Mensal/unidade de serviço (R$)
A28: 1 | B28: Salário | H28: =I28/$I$37 -> 0.76923077 | I28: =IF(D6="12x36",I9,I9/H9*I5) -> 2161.09
A29: =A28+1 -> 2 | B29: Adicional Noturno 20% (Ver súmula 60 TST) | H29: =I29/$I$37 -> 0 | I29: 0
A30: =A29+1 -> 3 | B30: Adicional Periculosidade 30% (Ver súmulas 364, 132 e 191 do TST) | H30: =I30/$I$37 -> 0 | I30: =IF(I8=30%,I28*I8,0) -> 0
A31: =A30+1 -> 4 | B31: Adicional Insalubridade 10% (Ver súmula 228 e 139 TST) | H31: =I31/$I$37 -> 0 | I31: =IF(I7=10%,I22*I7,0) -> 0
A32: =A31+1 -> 5 | B32: Adicional Insalubridade 20% (Ver súmula 228 e 139 TST) | H32: =I32/$I$37 -> 0 | I32: =IF(I7=20%,I22*I7,0) -> 0
A33: =A32+1 -> 6 | B33: Adicional Insalubridade 40% (Ver súmula 228 e 139 TST) | H33: =I33/$I$37 -> 0 | I33: =IF(I7=40%,I22*I7,0) -> 0
A34: =A33+1 -> 7 | B34: Adicional de Supervisor | H34: =I34/$I$37 -> 0.23076923 | I34: =IF(I21="Não aplicável",0,I28*I21) -> 648.327
A35: =A34+1 -> 8 | B35: DSR - Descanso Semanal Remunerado | H35: =I35/$I$37 -> 0 | I35: 0
A36: =A35+1 -> 9 | B36: =IF(D6="12x36","Para postos 12x36 os feriados são considerados compensados, conforme parágrafo único, Art. 59-A da CLT","Outros") -> Outros | H36: =I36/$I$37 -> 0 | I36: 0
A37: Total de Remuneração | H37: =SUM(H28:H36) -> 1 | I37: =SUM(I28:I36) -> 2809.417
A39: II | B39: Encargos Sociais - Grupo II: Obrigações Sociais | H39: % | I39: Valor Mensal/unidade de serviço (R$)
A40: 1 | B40: INSS (art. 22, inc. I, Lei nº 8.212/91) | H40: ='Aux Serv Adm 40h PoA'!H40 -> 0.2 | I40: =$I$37*H40 -> 561.8834
A41: 2 | B41: SESI ou SESC (art. 30, Lei nº 8.036/90) | H41: 0.015 | I41: =$I$37*H41 -> 42.141255
A42: 3 | B42: SENAI ou SENAC (Decreto-Lei nº 2.318/86) | H42: 0.01 | I42: =$I$37*H42 -> 28.09417
A43: 4 | B43: INCRA (art. 15I, Lei Complementar nº 011/71) | H43: 0.002 | I43: =$I$37*H43 -> 5.618834
A44: 5 | B44: SALÁRIO EDUCAÇÃO (art. , inc. I, Decreto nº 87.043/82) | H44: 0.025 | I44: =$I$37*H44 -> 70.235425
A45: 6 | B45: FGTS (art. 15, Lei nº 8.036/90) | H45: 0.08 | I45: =$I$37*H45 -> 224.75336
A46: 7 | B46: SEG. ACIDENTE DO TRABALHO 1%, 2% e 3% (art. 22, inc. II, alíneas "b" e "c", da Lei nº 8.212/91) | H46: ='Aux Serv Adm 40h PoA'!H46 -> 0.03 | I46: =$I$37*H46 -> 84.28251
A47: 8 | B47: SEBRAE (§ 3º, art. 8º, Lei nº 8.029/90) | H47: 0.006 | I47: =$I$37*H47 -> 16.856502
A48: Total do Grupo II | H48: =SUM(H40:H47) -> 0.368 | I48: =SUM(I40:I47) -> 1033.8655
A49: Os percentuais para o SAT podem variar de 0,50% a 6,00% em função do Fator de Acidente Previdenciário (FAP), Decreto nº 6.957/2009
A50: Deverá obrigatoriamente acompanhar a proposta de preços e a planilha de custos e formação de preços a prova do Fator Acidentário de Prevenção – FAP por meio de impressão de consulta ao site do Ministério da Previdência Social (que pode ser obtido no endereço eletrônico http://www2.dataprev.gov.br/fap/fap.htm), independentemente de alteração da alíquota da parcela do Seguro Acidente de Trabalho disposta no Quadro II da referida planilha.
A51: III | B51: Encargos Sociais - Grupo III: Tempo Não Trabalhado | H51: % | I51: Valor Mensal/unidade de serviço (R$)
A52: 1 | B52: FÉRIAS GOZADAS + ADICIONAL DE FÉRIAS | H52: 0.119314 | I52: =$I$37*H52 -> 335.20278
A53: 2 | B53: FALTAS ABONADAS (3) | H53: 0.020479 | I53: =$I$37*H53 -> 57.534051
A54: 3 | B54: FALTAS LEGAIS (4) | H54: 0.012123 | I54: =$I$37*H54 -> 34.058562
A55: 4 | B55: LICENÇA MATERNIDADE | H55: 0.011436 | I55: =$I$37*H55 -> 32.128493
A56: 5 | B56: LICENÇA PATERNIDADE | H56: 0.000174 | I56: =$I$37*H56 -> 0.48883856
A57: 6 | B57: ACIDENTE DE TRABALHO | H57: 0.000442 | I57: =$I$37*H57 -> 1.2417623
A58: 7 | B58: AVISO PRÉVIO TRABALHADO | H58: 0.000185 | I58: =$I$37*H58 -> 0.51974215
A59: 8 | B59: 13º SALÁRIO | H59: 0.09079 | I59: =$I$37*H59 -> 255.06697
A60: Total do Grupo III | H60: =SUM(H52:H59) -> 0.254943 | I60: =SUM(I52:I59) -> 716.2412
A61: (3) | B61: Faltas Justificadas por Auxílio Doença
A62: (4) | B62: Faltas Legais - Art. 473 CLT
A63: IV | B63: Encargos Sociais - Grupo IV: Indenizações | H63: % | I63: Valor Mensal/unidade de serviço (R$)
A64: 1 | B64: INDENIZAÇÕES | H64: 0.023627 | I64: =$I$37*H64 -> 66.378095
A65: 2 | B65: FGTS SOBRE INDENIZAÇÕES | H65: 0.001717 | I65: =$I$37*H65 -> 4.823769
A66: 3 | B66: INDENIZAÇÃO COMPENSATÓRIA POR DEMISSÃO SEM JUSTA CAUSA | H66: 0.009451 | I66: =$I$37*H66 -> 26.5518
A67: Total do Grupo IV | H67: =SUM(H64:H66) -> 0.034795 | I67: =SUM(I64:I66) -> 97.753665
A69: V | B69: Encargos Sociais - Grupo V: Incidências | H69: % | I69: Valor Mensal/unidade de serviço (R$)
A70: 1 | B70: INCIDÊNCIA GRUPO II (Obrigações Sociais) X GRUPO III (Tempo Não Trabalhado) | H70: =(H48*H60) -> 0.093819024 | I70: =$I$37*H70 -> 263.57676
A71: Total do Grupo V | H71: =SUM(H70:H70) -> 0.093819024 | I71: =I70 -> 263.57676
A73: TOTAL DOS ENCAGOS SOCIAIS (II + III + IV + V) | H73: =H48+H60+H67+H71 -> 0.75155702 | I73: =I48+I60+I67+I71 -> 2111.4371
A75: VI | B75: Demais custos relativos à Norma Coletiva ou Disposições Legais - Grupo VI | H75: % | I75: Valor Mensal/unidade de serviço (R$)
A76: 1 | B76: Auxílio Alimentação | H76: =I76/$I$37 -> 0.16123787 | I76: =I93 -> 452.9844
A77: 2 | B77: Auxílio Lanche | H77: =I77/$I$37 -> 0 | I77: =I89 -> 0
A78: 3 | B78: Vale-Transporte | H78: =I78/$I$37 -> 0.029021893 | I78: =I85 -> 81.5346
A79: 4 | B79: Adicional Intervalar | H79: =I79/$I$37 -> 0 | I79: =IF(I23="Não aplicável",0,((I9/H9)*1.5*I23)) -> 0
A80: 5 | B80: Outros | H80: =I80/$I$37 -> 0 | I80: 0
A81: Total do Grupo VI | H81: =SUM(H76:H80) -> 0.19025976 | I81: =SUM(I76:I80) -> 534.519
A83: MEMÓRIA DE CÁLCULO DO VALE TRANSPORTE
A84: Valor Unitário | C84: Dias de Trabalho | D84: Vale p/dia | E84: Custo total | F84: Base de cálculo | G84: Percentual de desconto | H84: Valor desconto | I84: Custo efetivo
A85: =I11 -> 4.8 | C85: =I12 -> 22 | D85: 2 | E85: =A85*C85*D85 -> 211.2 | F85: =I28 -> 2161.09 | G85: =I13 -> 0.06 | H85: =F85*G85 -> 129.6654 | I85: =IF((E85-H85)>0,E85-H85,0) -> 81.5346
A87: MEMÓRIA DE CÁLCULO DO VALE LANCHE
A88: Valor Unitário | C88: Dias por mês | D88: Vale p/dia | E88: Custo total | F88: Base de cálculo | G88: Percentual de desconto | H88: Valor desconto | I88: Custo efetivo
A89: =I17 -> 0 | C89: =I18 -> 0 | D89: 1 | E89: =A89*C89*D89 -> 0 | F89: =E89 -> 0 | G89: =I19 -> 0 | H89: =F89*G89 -> 0 | I89: =E89-H89 -> 0
A91: MEMÓRIA DE CÁLCULO DO VALE ALIMENTAÇÃO
A92: Valor Unitário | C92: Dias por mês | D92: Vale p/dia | E92: Custo total | F92: Base de cálculo | G92: Percentual de desconto | H92: =H84 -> Valor desconto | I92: Custo efetivo
A93: =I14 -> 25.42 | C93: =I15 -> 22 | D93: 1 | E93: =A93*C93*D93 -> 559.24 | F93: =E93 -> 559.24 | G93: =I16 -> 0.19 | H93: =F93*G93 -> 106.2556 | I93: =E93-H93 -> 452.9844
A95: TOTAL DO MONTANTE A (I + II + III+ IV + V +VI) | H95: =H37+H73+H81 -> 1.9418168 | I95: =I37+I73+I81 -> 5455.3731
A97: MONTANTE B
A98: I | B98: Despesas Diretas | H98: % | I98: Valor Mensal/unidade de serviço (R$)
A99: 1 | B99: Transporte (5) | H99: =I99/$I$110 -> 0 | I99: 0
A100: 2 | B100: Uniformes/EPI (5a) | H100: =I100/$I$110 -> 0 | I100: 0
A101: 3 | B101: Seguro de vida | H101: =I101/$I$110 -> 0 | I101: 0
A102: 4 | B102: Materiais/Equipamentos | H102: =I102/$I$110 -> 0 | I102: ='Aux Serv Adm 40h PoA'!I102 -> 0
A103: 5 | B103: Mobilização (6) | H103: =I103/$I$110 -> 0 | I103: 0
A104: 6 | B104: Outros (especificar) | H104: =I104/$I$110 -> 0 | I104: 0
A105: Total de Despesas Diretas | H105: =H99+H100+H101+H102+H103+H104 -> 0 | I105: =SUM(I99:I104) -> 0
B106: (5) Somente será preenchido quando o licitante fornecer transporte próprio (5a) EPI - Equipamento de Proteção Individual (6) Tais custos de mobilização não são renováveis, devendo ser eliminados após o primeiro ano de contrato caso haja prorrogação
A108: LIMITE QUADRO I (Despesas Diretas) sobre Montante A (exceto Vale-transporte), conforme alíneas "b.2" e "b.3", Inc. II, art. 7º, do Decreto 52.768/2015, alterado pelo Decreto 53.424/2017: 10% SEM MATERIAIS/EQUIPAMENTOS; 20% COM MATERIAIS/EQUIPAMENTOS | F108: =I24 -> 0.1 | G108: =I110*F108 -> 537.38385 | H108: Dedução Vale Transporte | I108: =I78 -> 81.5346
A109: Remuneração (Grupo I) | C109: Obrigações Sociais (Grupo II) | D109: Tempo Não Trabalhado (Grupo III) | E109: Indenizações (Grupo IV) | F109: Incidências (Grupo V) | G109: Demais Custos CCT | H109: Total Montante A | I109: Base de Cálculo
A110: =I37 -> 2809.417 | C110: =I48 -> 1033.8655 | D110: =I60 -> 716.2412 | E110: =I67 -> 97.753665 | F110: =I71 -> 263.57676 | G110: =I81 -> 534.519 | H110: =A110+C110+D110+E110+F110+G110 -> 5455.3731 | I110: =H110-I108 -> 5373.8385
A112: II | B112: Despesas Indiretas | H112: % | I112: Valor Mensal/unidade de serviço (R$)
A113: 1 | B113: Despesas Administrativas | H113: =I113/$I$123 -> 0 | I113: ='Aux Serv Adm 40h PoA'!I113 -> 0
...

Sheet Aux Serv Adm 40h PoA
A1: PLANILHA DE CUSTOS E FORMAÇÃO DE PREÇOS DE SERVIÇOS CONTINUADOS COM DEDICAÇÃO EXCLUSIVA DE MÃO DE OBRA (ANEXO III - DECRETOS 52.768 de 15.12.2015)
A2: PROCESSO: | E2: REGIME DE TRIBUTAÇÃO: LUCRO REAL
A3: LICITAÇÃO/EDITAL | E3: ABERTURA:
A5: Cargo/Função: | D5: Auxiliar de Serviços Administrativos | G5: =IF(D6="12x36","Regime de trabalho:","Quantidade de HORAS/MÊS") -> Quantidade de HORAS/MÊS | I5: =IF(D6="12x36",D6,5*D6) -> 200
A6: =IF(D6="12x36","Regime de trabalho:","Regime de trabalho (horas semanais):") -> Regime de trabalho (horas semanais): | D6: 40
A7: Origem do salário e/ou CCT: | G7: INSALUBRIDADE (10%, 20%, 40%) | I7: Não aplicável
A8: Cidade: | D8: Porto Alegre | G8: PERICULOSIDADE (30%) | I8: Não aplicável
A9: Salário Normativo | G9: =IF(D6="12x36","Vlr. Do salário e Regime de trabalho","Vlr. Do salário e nº de horas correspondentes") -> Vlr. Do salário e nº de horas correspondentes | H9: 220 | I9: 2161.09
A10: ISS | G10: =D8 -> Porto Alegre | H10: Alíquota | I10: 0.05
A11: Tarifa Transporte | G11: CCT | H11: Vr. Unitário | I11: 4.8
H12: Dias | I12: 22
H13: Desconto | I13: 0.06
A14: Auxílio Alimentação (Cláusula 18ª da CCT) | G14: CCT | H14: Vr. Unitário | I14: 25.42
H15: Dias | I15: 22
H16: Desconto | I16: 0.19
A17: Auxílio Lanche (Não aplicável - Cláusula 19ª da CCT) | G17: CCT | H17: Vr. Unitário | I17: 0
H18: Dias | I18: 0
H19: Desconto | I19: 0
A20: PLANO DE BENEFÍCIO SOCIAL FAMILIAR (Cláusula 29ª da CCT) | G20: CCT | H20: Valor mensal | I20: 24.1
A21: Adicional de Supervisor | H21: Porcentagem | I21: Não aplicável
A22: Base de cálculo da insalubridade: salário normativo proporcional conforme Parecer da PGE/RS nº 18200-20. Atentar-se para a observação 2 do Anexo I - Folha de Dados (CGL 12.1.2). | H22: Valor | I22: Não aplicável
A23: Hora Intervalar | H23: Horas por mês | I23: Não aplicável
A24: Sem fornecimento de materiais ou apenas fornecimento de EPIs ou uniformes, utilizar 10%. Com fornecimento de materiais ou equipamentos, utilizar 20%. (Decreto 52.768/2015, alterado pelo Decreto 53.424/2017) | H24: Porcentagem | I24: 0.1
A26: MONTANTE A
A27: I | B27: Remuneração - Grupo I | H27: % | I27: Valor Mensal/unidade de serviço (R$)
A28: 1 | B28: Salário | H28: =I28/$I$37 -> 1 | I28: =IF(D6="12x36",I9,I9/H9*I5) -> 1964.6273
A29: =A28+1 -> 2 | B29: Adicional Noturno 20% (Ver súmula 60 TST) | H29: =I29/$I$37 -> 0 | I29: 0
A30: =A29+1 -> 3 | B30: Adicional Periculosidade 30% (Ver súmulas 364, 132 e 191 do TST) | H30: =I30/$I$37 -> 0 | I30: =IF(I8=30%,I28*I8,0) -> 0
A31: =A30+1 -> 4 | B31: Adicional Insalubridade 10% (Ver súmula 228 e 139 TST) | H31: =I31/$I$37 -> 0 | I31: =IF(I7=10%,I22*I7,0) -> 0
A32: =A31+1 -> 5 | B32: Adicional Insalubridade 20% (Ver súmula 228 e 139 TST) | H32: =I32/$I$37 -> 0 | I32: =IF(I7=20%,I22*I7,0) -> 0
A33: =A32+1 -> 6 | B33: Adicional Insalubridade 40% (Ver súmula 228 e 139 TST) | H33: =I33/$I$37 -> 0 | I33: =IF(I7=40%,I22*I7,0) -> 0
A34: =A33+1 -> 7 | B34: Adicional de Supervisor | H34: =I34/$I$37 -> 0 | I34: =IF(I21="Não aplicável",0,I28*I21) -> 0
A35: =A34+1 -> 8 | B35: DSR - Descanso Semanal Remunerado | H35: =I35/$I$37 -> 0 | I35: 0
A36: =A35+1 -> 9 | B36: =IF(D6="12x36","Para postos 12x36 os feriados são considerados compensados, conforme parágrafo único, Art. 59-A da CLT","Outros") -> Outros | H36: =I36/$I$37 -> 0 | I36: 0
A37: Total de Remuneração | H37: =SUM(H28:H36) -> 1 | I37: =SUM(I28:I36) -> 1964.6273
A39: II | B39: Encargos Sociais - Grupo II: Obrigações Sociais | H39: % | I39: Valor Mensal/unidade de serviço (R$)
A40: 1 | B40: INSS (art. 22, inc. I, Lei nº 8.212/91) | H40: 0.2 | I40: =$I$37*H40 -> 392.92545
A41: 2 | B41: SESI ou SESC (art. 30, Lei nº 8.036/90) | H41: 0.015 | I41: =$I$37*H41 -> 29.469409
A42: 3 | B42: SENAI ou SENAC (Decreto-Lei nº 2.318/86) | H42: 0.01 | I42: =$I$37*H42 -> 19.646273
A43: 4 | B43: INCRA (art. 15I, Lei Complementar nº 011/71) | H43: 0.002 | I43: =$I$37*H43 -> 3.9292545
A44: 5 | B44: SALÁRIO EDUCAÇÃO (art. , inc. I, Decreto nº 87.043/82) | H44: 0.025 | I44: =$I$37*H44 -> 49.115682
A45: 6 | B45: FGTS (art. 15, Lei nº 8.036/90) | H45: 0.08 | I45: =$I$37*H45 -> 157.17018
A46: 7 | B46: SEG. ACIDENTE DO TRABALHO 1%, 2% e 3% (art. 22, inc. II, alíneas "b" e "c", da Lei nº 8.212/91) | H46: 0.03 | I46: =$I$37*H46 -> 58.938818
A47: 8 | B47: SEBRAE (§ 3º, art. 8º, Lei nº 8.029/90) | H47: 0.006 | I47: =$I$37*H47 -> 11.787764
A48: Total do Grupo II | H48: =SUM(H40:H47) -> 0.368 | I48: =SUM(I40:I47) -> 722.98284
A49: Os percentuais para o SAT podem variar de 0,50% a 6,00% em função do Fator de Acidente Previdenciário (FAP), Decreto nº 6.957/2009
A50: Deverá obrigatoriamente acompanhar a proposta de preços e a planilha de custos e formação de preços a prova do Fator Acidentário de Prevenção – FAP por meio de impressão de consulta ao site do Ministério da Previdência Social (que pode ser obtido no endereço eletrônico http://www2.dataprev.gov.br/fap/fap.htm), independentemente de alteração da alíquota da parcela do Seguro Acidente de Trabalho disposta no Quadro II da referida planilha.
A51: III | B51: Encargos Sociais - Grupo III: Tempo Não Trabalhado | H51: % | I51: Valor Mensal/unidade de serviço (R$)
A52: 1 | B52: FÉRIAS GOZADAS + ADICIONAL DE FÉRIAS | H52: 0.119314 | I52: =$I$37*H52 -> 234.40754
A53: 2 | B53: FALTAS ABONADAS (3) | H53: 0.020479 | I53: =$I$37*H53 -> 40.233602
A54: 3 | B54: FALTAS LEGAIS (4) | H54: 0.012123 | I54: =$I$37*H54 -> 23.817176
A55: 4 | B55: LICENÇA MATERNIDADE | H55: 0.011436 | I55: =$I$37*H55 -> 22.467477
A56: 5 | B56: LICENÇA PATERNIDADE | H56: 0.000174 | I56: =$I$37*H56 -> 0.34184515
A57: 6 | B57: ACIDENTE DE TRABALHO | H57: 0.000442 | I57: =$I$37*H57 -> 0.86836525
A58: 7 | B58: AVISO PRÉVIO TRABALHADO | H58: 0.000185 | I58: =$I$37*H58 -> 0.36345605
A59: 8 | B59: 13º SALÁRIO | H59: 0.09079 | I59: =$I$37*H59 -> 178.36851
A60: Total do Grupo III | H60: =SUM(H52:H59) -> 0.254943 | I60: =SUM(I52:I59) -> 500.86797
A61: (3) | B61: Faltas Justificadas por Auxílio Doença
A62: (4) | B62: Faltas Legais - Art. 473 CLT
A63: IV | B63: Encargos Sociais - Grupo IV: Indenizações | H63: % | I63: Valor Mensal/unidade de serviço (R$)
A64: 1 | B64: INDENIZAÇÕES | H64: 0.023627 | I64: =$I$37*H64 -> 46.418249
A65: 2 | B65: FGTS SOBRE INDENIZAÇÕES | H65: 0.001717 | I65: =$I$37*H65 -> 3.373265
A66: 3 | B66: INDENIZAÇÃO COMPENSATÓRIA POR DEMISSÃO SEM JUSTA CAUSA | H66: 0.009451 | I66: =$I$37*H66 -> 18.567692
A67: Total do Grupo IV | H67: =SUM(H64:H66) -> 0.034795 | I67: =SUM(I64:I66) -> 68.359206
A69: V | B69: Encargos Sociais - Grupo V: Incidências | H69: % | I69: Valor Mensal/unidade de serviço (R$)
A70: 1 | B70: INCIDÊNCIA GRUPO II (Obrigações Sociais) X GRUPO III (Tempo Não Trabalhado) | H70: =(H48*H60) -> 0.093819024 | I70: =$I$37*H70 -> 184.31941
A71: Total do Grupo V | H71: =SUM(H70:H70) -> 0.093819024 | I71: =I70 -> 184.31941
A73: TOTAL DOS ENCAGOS SOCIAIS (II + III + IV + V) | H73: =H48+H60+H67+H71 -> 0.75155702 | I73: =I48+I60+I67+I71 -> 1476.5294
A75: VI | B75: Demais custos relativos à Norma Coletiva ou Disposições Legais - Grupo VI | H75: % | I75: Valor Mensal/unidade de serviço (R$)
A76: 1 | B76: Auxílio Alimentação | H76: =I76/$I$37 -> 0.23057015 | I76: =I93 -> 452.9844
A77: 2 | B77: Auxílio Lanche | H77: =I77/$I$37 -> 0 | I77: =I89 -> 0
A78: 3 | B78: Vale-Transporte | H78: =I78/$I$37 -> 0.047501307 | I78: =I85 -> 93.322364
A79: 4 | B79: Adicional Intervalar | H79: =I79/$I$37 -> 0 | I79: =IF(I23="Não aplicável",0,((I9/H9)*1.5*I23)) -> 0
A80: 5 | B80: Outros | H80: =I80/$I$37 -> 0 | I80: 0
A81: Total do Grupo VI | H81: =SUM(H76:H80) -> 0.27807145 | I81: =SUM(I76:I80) -> 546.30676
A83: MEMÓRIA DE CÁLCULO DO VALE TRANSPORTE
A84: Valor Unitário | C84: Dias de Trabalho | D84: Vale p/dia | E84: Custo total | F84: Base de cálculo | G84: Percentual de desconto | H84: Valor desconto | I84: Custo efetivo
A85: =I11 -> 4.8 | C85: =I12 -> 22 | D85: 2 | E85: =A85*C85*D85 -> 211.2 | F85: =I28 -> 1964.6273 | G85: =I13 -> 0.06 | H85: =F85*G85 -> 117.87764 | I85: =IF((E85-H85)>0,E85-H85,0) -> 93.322364
A87: MEMÓRIA DE CÁLCULO DO VALE LANCHE
A88: Valor Unitário | C88: Dias por mês | D88: Vale p/dia | E88: Custo total | F88: Base de cálculo | G88: Percentual de desconto | H88: Valor desconto | I88: Custo efetivo
A89: =I17 -> 0 | C89: =I18 -> 0 | D89: 1 | E89: =A89*C89*D89 -> 0 | F89: =E89 -> 0 | G89: =I19 -> 0 | H89: =F89*G89 -> 0 | I89: =E89-H89 -> 0
A91: MEMÓRIA DE CÁLCULO DO VALE ALIMENTAÇÃO
A92: Valor Unitário | C92: Dias por mês | D92: Vale p/dia | E92: Custo total | F92: Base de cálculo | G92: Percentual de desconto | H92: =H84 -> Valor desconto | I92: Custo efetivo
A93: =I14 -> 25.42 | C93: =I15 -> 22 | D93: 1 | E93: =A93*C93*D93 -> 559.24 | F93: =E93 -> 559.24 | G93: =I16 -> 0.19 | H93: =F93*G93 -> 106.2556 | I93: =E93-H93 -> 452.9844
A95: TOTAL DO MONTANTE A (I + II + III+ IV + V +VI) | H95: =H37+H73+H81 -> 2.0296285 | I95: =I37+I73+I81 -> 3987.4635
A97: MONTANTE B
A98: I | B98: Despesas Diretas | H98: % | I98: Valor Mensal/unidade de serviço (R$)
A99: 1 | B99: Transporte (5) | H99: =I99/$I$110 -> 0 | I99: 0
A100: 2 | B100: Uniformes/EPI (5a) | H100: =I100/$I$110 -> 0 | I100: 0
A101: 3 | B101: Seguro de vida | H101: =I101/$I$110 -> 0 | I101: 0
A102: 4 | B102: Materiais/Equipamentos | H102: =I102/$I$110 -> 0 | I102: 0
A103: 5 | B103: Mobilização (6) | H103: =I103/$I$110 -> 0 | I103: 0
A104: 6 | B104: Outros (especificar) | H104: =I104/$I$110 -> 0 | I104: 0
A105: Total de Despesas Diretas | H105: =H99+H100+H101+H102+H103+H104 -> 0 | I105: =SUM(I99:I104) -> 0
B106: (5) Somente será preenchido quando o licitante fornecer transporte próprio (5a) EPI - Equipamento de Proteção Individual (6) Tais custos de mobilização não são renováveis, devendo ser eliminados após o primeiro ano de contrato caso haja prorrogação
A108: LIMITE QUADRO I (Despesas Diretas) sobre Montante A (exceto Vale-transporte), conforme alíneas "b.2" e "b.3", Inc. II, art. 7º, do Decreto 52.768/2015, alterado pelo Decreto 53.424/2017: 10% SEM MATERIAIS/EQUIPAMENTOS; 20% COM MATERIAIS/EQUIPAMENTOS | F108: =I24 -> 0.1 | G108: =I110*F108 -> 389.41411 | H108: Dedução Vale Transporte | I108: =I78 -> 93.322364
A109: Remuneração (Grupo I) | C109: Obrigações Sociais (Grupo II) | D109: Tempo Não Trabalhado (Grupo III) | E109: Indenizações (Grupo IV) | F109: Incidências (Grupo V) | G109: Demais Custos CCT | H109: Total Montante A | I109: Base de Cálculo
A110: =I37 -> 1964.6273 | C110: =I48 -> 722.98284 | D110: =I60 -> 500.86797 | E110: =I67 -> 68.359206 | F110: =I71 -> 184.31941 | G110: =I81 -> 546.30676 | H110: =A110+C110+D110+E110+F110+G110 -> 3987.4635 | I110: =H110-I108 -> 3894.1411
A112: II | B112: Despesas Indiretas | H112: % | I112: Valor Mensal/unidade de serviço (R$)
A113: 1 | B113: Despesas Administrativas | H113: =I113/$I$123 -> 0 | I113: 0
...

Sheet Aux Serv Adm 40h Canoas
A1: PLANILHA DE CUSTOS E FORMAÇÃO DE PREÇOS DE SERVIÇOS CONTINUADOS COM DEDICAÇÃO EXCLUSIVA DE MÃO DE OBRA (ANEXO III - DECRETOS 52.768 de 15.12.2015)
A2: PROCESSO: | E2: REGIME DE TRIBUTAÇÃO: LUCRO REAL
A3: LICITAÇÃO/EDITAL | E3: ABERTURA:
A5: Cargo/Função: | D5: Auxiliar de Serviços Administrativos | G5: =IF(D6="12x36","Regime de trabalho:","Quantidade de HORAS/MÊS") -> Quantidade de HORAS/MÊS | I5: =IF(D6="12x36",D6,5*D6) -> 200
A6: =IF(D6="12x36","Regime de trabalho:","Regime de trabalho (horas semanais):") -> Regime de trabalho (horas semanais): | D6: 40
A7: Origem do salário e/ou CCT: | G7: INSALUBRIDADE (10%, 20%, 40%) | I7: Não aplicável
A8: Cidade: | D8: Canoas | G8: PERICULOSIDADE (30%) | I8: Não aplicável
A9: Salário Normativo | G9: =IF(D6="12x36","Vlr. Do salário e Regime de trabalho","Vlr. Do salário e nº de horas correspondentes") -> Vlr. Do salário e nº de horas correspondentes | H9: 220 | I9: 2161.09
A10: ISS | G10: =D8 -> Canoas | H10: Alíquota | I10: 0.03
A11: Tarifa Transporte | G11: CCT | H11: Vr. Unitário | I11: 4.8
H12: Dias | I12: 22
H13: Desconto | I13: 0.06
A14: Auxílio Alimentação (Cláusula 18ª da CCT) | G14: CCT | H14: Vr. Unitário | I14: 25.42
H15: Dias | I15: 22
H16: Desconto | I16: 0.19
A17: Auxílio Lanche (Não aplicável - Cláusula 19ª da CCT) | G17: CCT | H17: Vr. Unitário | I17: 0
H18: Dias | I18: 0
H19: Desconto | I19: 0
A20: PLANO DE BENEFÍCIO SOCIAL FAMILIAR (Cláusula 29ª da CCT) | G20: CCT | H20: Valor mensal | I20: 24.1
A21: Adicional de Supervisor | H21: Porcentagem | I21: Não aplicável
A22: Base de cálculo da insalubridade: salário normativo proporcional conforme Parecer da PGE/RS nº 18200-20. Atentar-se para a observação 2 do Anexo I - Folha de Dados (CGL 12.1.2). | H22: Valor | I22: Não aplicável
A23: Hora Intervalar | H23: Horas por mês | I23: Não aplicável
A24: Sem fornecimento de materiais ou apenas fornecimento de EPIs ou uniformes, utilizar 10%. Com fornecimento de materiais ou equipamentos, utilizar 20%. (Decreto 52.768/2015, alterado pelo Decreto 53.424/2017) | H24: Porcentagem | I24: 0.1
A26: MONTANTE A
A27: I | B27: Remuneração - Grupo I | H27: % | I27: Valor Mensal/unidade de serviço (R$)
A28: 1 | B28: Salário | H28: =I28/$I$37 -> 1 | I28: =IF(D6="12x36",I9,I9/H9*I5) -> 1964.6273
A29: =A28+1 -> 2 | B29: Adicional Noturno 20% (Ver súmula 60 TST) | H29: =I29/$I$37 -> 0 | I29: 0
A30: =A29+1 -> 3 | B30: Adicional Periculosidade 30% (Ver súmulas 364, 132 e 191 do TST) | H30: =I30/$I$37 -> 0 | I30: =IF(I8=30%,I28*I8,0) -> 0
A31: =A30+1 -> 4 | B31: Adicional Insalubridade 10% (Ver súmula 228 e 139 TST) | H31: =I31/$I$37 -> 0 | I31: =IF(I7=10%,I22*I7,0) -> 0
A32: =A31+1 -> 5 | B32: Adicional Insalubridade 20% (Ver súmula 228 e 139 TST) | H32: =I32/$I$37 -> 0 | I32: =IF(I7=20%,I22*I7,0) -> 0
A33: =A32+1 -> 6 | B33: Adicional Insalubridade 40% (Ver súmula 228 e 139 TST) | H33: =I33/$I$37 -> 0 | I33: =IF(I7=40%,I22*I7,0) -> 0
A34: =A33+1 -> 7 | B34: Adicional de Supervisor | H34: =I34/$I$37 -> 0 | I34: =IF(I21="Não aplicável",0,I28*I21) -> 0
A35: =A34+1 -> 8 | B35: DSR - Descanso Semanal Remunerado | H35: =I35/$I$37 -> 0 | I35: 0
A36: =A35+1 -> 9 | B36: =IF(D6="12x36","Para postos 12x36 os feriados são considerados compensados, conforme parágrafo único, Art. 59-A da CLT","Outros") -> Outros | H36: =I36/$I$37 -> 0 | I36: 0
A37: Total de Remuneração | H37: =SUM(H28:H36) -> 1 | I37: =SUM(I28:I36) -> 1964.6273
A39: II | B39: Encargos Sociais - Grupo II: Obrigações Sociais | H39: % | I39: Valor Mensal/unidade de serviço (R$)
A40: 1 | B40: INSS (art. 22, inc. I, Lei nº 8.212/91) | H40: ='Aux Serv Adm 40h PoA'!H40 -> 0.2 | I40: =$I$37*H40 -> 392.92545
A41: 2 | B41: SESI ou SESC (art. 30, Lei nº 8.036/90) | H41: 0.015 | I41: =$I$37*H41 -> 29.469409
A42: 3 | B42: SENAI ou SENAC (Decreto-Lei nº 2.318/86) | H42: 0.01 | I42: =$I$37*H42 -> 19.646273
A43: 4 | B43: INCRA (art. 15I, Lei Complementar nº 011/71) | H43: 0.002 | I43: =$I$37*H43 -> 3.9292545
A44: 5 | B44: SALÁRIO EDUCAÇÃO (art. , inc. I, Decreto nº 87.043/82) | H44: 0.025 | I44: =$I$37*H44 -> 49.115682
A45: 6 | B45: FGTS (art. 15, Lei nº 8.036/90) | H45: 0.08 | I45: =$I$37*H45 -> 157.17018
A46: 7 | B46: SEG. ACIDENTE DO TRABALHO 1%, 2% e 3% (art. 22, inc. II, alíneas "b" e "c", da Lei nº 8.212/91) | H46: ='Aux Serv Adm 40h PoA'!H46 -> 0.03 | I46: =$I$37*H46 -> 58.938818
A47: 8 | B47: SEBRAE (§ 3º, art. 8º, Lei nº 8.029/90) | H47: 0.006 | I47: =$I$37*H47 -> 11.787764
A48: Total do Grupo II | H48: =SUM(H40:H47) -> 0.368 | I48: =SUM(I40:I47) -> 722.98284
A49: Os percentuais para o SAT podem variar de 0,50% a 6,00% em função do Fator de Acidente Previdenciário (FAP), Decreto nº 6.957/2009
A50: Deverá obrigatoriamente acompanhar a proposta de preços e a planilha de custos e formação de preços a prova do Fator Acidentário de Prevenção – FAP por meio de impressão de consulta ao site do Ministério da Previdência Social (que pode ser obtido no endereço eletrônico http://www2.dataprev.gov.br/fap/fap.htm), independentemente de alteração da alíquota da parcela do Seguro Acidente de Trabalho disposta no Quadro II da referida planilha.
A51: III | B51: Encargos Sociais - Grupo III: Tempo Não Trabalhado | H51: % | I51: Valor Mensal/unidade de serviço (R$)
A52: 1 | B52: FÉRIAS GOZADAS + ADICIONAL DE FÉRIAS | H52: 0.119314 | I52: =$I$37*H52 -> 234.40754
A53: 2 | B53: FALTAS ABONADAS (3) | H53: 0.020479 | I53: =$I$37*H53 -> 40.233602
A54: 3 | B54: FALTAS LEGAIS (4) | H54: 0.012123 | I54: =$I$37*H54 -> 23.817176
A55: 4 | B55: LICENÇA MATERNIDADE | H55: 0.011436 | I55: =$I$37*H55 -> 22.467477
A56: 5 | B56: LICENÇA PATERNIDADE | H56: 0.000174 | I56: =$I$37*H56 -> 0.34184515
A57: 6 | B57: ACIDENTE DE TRABALHO | H57: 0.000442 | I57: =$I$37*H57 -> 0.86836525
A58: 7 | B58: AVISO PRÉVIO TRABALHADO | H58: 0.000185 | I58: =$I$37*H58 -> 0.36345605
A59: 8 | B59: 13º SALÁRIO | H59: 0.09079 | I59: =$I$37*H59 -> 178.36851
A60: Total do Grupo III | H60: =SUM(H52:H59) -> 0.254943 | I60: =SUM(I52:I59) -> 500.86797
A61: (3) | B61: Faltas Justificadas por Auxílio Doença
A62: (4) | B62: Faltas Legais - Art. 473 CLT
A63: IV | B63: Encargos Sociais - Grupo IV: Indenizações | H63: % | I63: Valor Mensal/unidade de serviço (R$)
A64: 1 | B64: INDENIZAÇÕES | H64: 0.023627 | I64: =$I$37*H64 -> 46.418249
A65: 2 | B65: FGTS SOBRE INDENIZAÇÕES | H65: 0.001717 | I65: =$I$37*H65 -> 3.373265
A66: 3 | B66: INDENIZAÇÃO COMPENSATÓRIA POR DEMISSÃO SEM JUSTA CAUSA | H66: 0.009451 | I66: =$I$37*H66 -> 18.567692
A67: Total do Grupo IV | H67: =SUM(H64:H66) -> 0.034795 | I67: =SUM(I64:I66) -> 68.359206
A69: V | B69: Encargos Sociais - Grupo V: Incidências | H69: % | I69: Valor Mensal/unidade de serviço (R$)
A70: 1 | B70: INCIDÊNCIA GRUPO II (Obrigações Sociais) X GRUPO III (Tempo Não Trabalhado) | H70: =(H48*H60) -> 0.093819024 | I70: =$I$37*H70 -> 184.31941
A71: Total do Grupo V | H71: =SUM(H70:H70) -> 0.093819024 | I71: =I70 -> 184.31941
A73: TOTAL DOS ENCAGOS SOCIAIS (II + III + IV + V) | H73: =H48+H60+H67+H71 -> 0.75155702 | I73: =I48+I60+I67+I71 -> 1476.5294
A75: VI | B75: Demais custos relativos à Norma Coletiva ou Disposições Legais - Grupo VI | H75: % | I75: Valor Mensal/unidade de serviço (R$)
A76: 1 | B76: Auxílio Alimentação | H76: =I76/$I$37 -> 0.23057015 | I76: =I93 -> 452.9844
A77: 2 | B77: Auxílio Lanche | H77: =I77/$I$37 -> 0 | I77: =I89 -> 0
A78: 3 | B78: Vale-Transporte | H78: =I78/$I$37 -> 0.047501307 | I78: =I85 -> 93.322364
A79: 4 | B79: Adicional Intervalar | H79: =I79/$I$37 -> 0 | I79: =IF(I23="Não aplicável",0,((I9/H9)*1.5*I23)) -> 0
A80: 5 | B80: Outros | H80: =I80/$I$37 -> 0 | I80: 0
A81: Total do Grupo VI | H81: =SUM(H76:H80) -> 0.27807145 | I81: =SUM(I76:I80) -> 546.30676
A83: MEMÓRIA DE CÁLCULO DO VALE TRANSPORTE
A84: Valor Unitário | C84: Dias de Trabalho | D84: Vale p/dia | E84: Custo total | F84: Base de cálculo | G84: Percentual de desconto | H84: Valor desconto | I84: Custo efetivo
A85: =I11 -> 4.8 | C85: =I12 -> 22 | D85: 2 | E85: =A85*C85*D85 -> 211.2 | F85: =I28 -> 1964.6273 | G85: =I13 -> 0.06 | H85: =F85*G85 -> 117.87764 | I85: =IF((E85-H85)>0,E85-H85,0) -> 93.322364
A87: MEMÓRIA DE CÁLCULO DO VALE LANCHE
A88: Valor Unitário | C88: Dias por mês | D88: Vale p/dia | E88: Custo total | F88: Base de cálculo | G88: Percentual de desconto | H88: Valor desconto | I88: Custo efetivo
A89: =I17 -> 0 | C89: =I18 -> 0 | D89: 1 | E89: =A89*C89*D89 -> 0 | F89: =E89 -> 0 | G89: =I19 -> 0 | H89: =F89*G89 -> 0 | I89: =E89-H89 -> 0
A91: MEMÓRIA DE CÁLCULO DO VALE ALIMENTAÇÃO
A92: Valor Unitário | C92: Dias por mês | D92: Vale p/dia | E92: Custo total | F92: Base de cálculo | G92: Percentual de desconto | H92: =H84 -> Valor desconto | I92: Custo efetivo
A93: =I14 -> 25.42 | C93: =I15 -> 22 | D93: 1 | E93: =A93*C93*D93 -> 559.24 | F93: =E93 -> 559.24 | G93: =I16 -> 0.19 | H93: =F93*G93 -> 106.2556 | I93: =E93-H93 -> 452.9844
A95: TOTAL DO MONTANTE A (I + II + III+ IV + V +VI) | H95: =H37+H73+H81 -> 2.0296285 | I95: =I37+I73+I81 -> 3987.4635
A97: MONTANTE B
A98: I | B98: Despesas Diretas | H98: % | I98: Valor Mensal/unidade de serviço (R$)
A99: 1 | B99: Transporte (5) | H99: =I99/$I$110 -> 0 | I99: 0
A100: 2 | B100: Uniformes/EPI (5a) | H100: =I100/$I$110 -> 0 | I100: 0
A101: 3 | B101: Seguro de vida | H101: =I101/$I$110 -> 0 | I101: 0
A102: 4 | B102: Materiais/Equipamentos | H102: =I102/$I$110 -> 0 | I102: ='Aux Serv Adm 40h PoA'!I102 -> 0
A103: 5 | B103: Mobilização (6) | H103: =I103/$I$110 -> 0 | I103: 0
A104: 6 | B104: Outros (especificar) | H104: =I104/$I$110 -> 0 | I104: 0
A105: Total de Despesas Diretas | H105: =H99+H100+H101+H102+H103+H104 -> 0 | I105: =SUM(I99:I104) -> 0
B106: (5) Somente será preenchido quando o licitante fornecer transporte próprio (5a) EPI - Equipamento de Proteção Individual (6) Tais custos de mobilização não são renováveis, devendo ser eliminados após o primeiro ano de contrato caso haja prorrogação
A108: LIMITE QUADRO I (Despesas Diretas) sobre Montante A (exceto Vale-transporte), conforme alíneas "b.2" e "b.3", Inc. II, art. 7º, do Decreto 52.768/2015, alterado pelo Decreto 53.424/2017: 10% SEM MATERIAIS/EQUIPAMENTOS; 20% COM MATERIAIS/EQUIPAMENTOS | F108: =I24 -> 0.1 | G108: =I110*F108 -> 389.41411 | H108: Dedução Vale Transporte | I108: =I78 -> 93.322364
A109: Remuneração (Grupo I) | C109: Obrigações Sociais (Grupo II) | D109: Tempo Não Trabalhado (Grupo III) | E109: Indenizações (Grupo IV) | F109: Incidências (Grupo V) | G109: Demais Custos CCT | H109: Total Montante A | I109: Base de Cálculo
A110: =I37 -> 1964.6273 | C110: =I48 -> 722.98284 | D110: =I60 -> 500.86797 | E110: =I67 -> 68.359206 | F110: =I71 -> 184.31941 | G110: =I81 -> 546.30676 | H110: =A110+C110+D110+E110+F110+G110 -> 3987.4635 | I110: =H110-I108 -> 3894.1411
A112: II | B112: Despesas Indiretas | H112: % | I112: Valor Mensal/unidade de serviço (R$)
A113: 1 | B113: Despesas Administrativas | H113: =I113/$I$123 -> 0 | I113: ='Aux Serv Adm 40h PoA'!I113 -> 0
...

Sheet Telefonista 30h
A1: PLANILHA DE CUSTOS E FORMAÇÃO DE PREÇOS DE SERVIÇOS CONTINUADOS COM DEDICAÇÃO EXCLUSIVA DE MÃO DE OBRA (ANEXO III - DECRETOS 52.768 de 15.12.2015)
A2: PROCESSO: | E2: REGIME DE TRIBUTAÇÃO: LUCRO REAL
A3: LICITAÇÃO/EDITAL | E3: ABERTURA:
A5: Cargo/Função: | D5: Telefonista | G5: =IF(D6="12x36","Regime de trabalho:","Quantidade de HORAS/MÊS") -> Quantidade de HORAS/MÊS | I5: =IF(D6="12x36",D6,5*D6) -> 150
A6: =IF(D6="12x36","Regime de trabalho:","Regime de trabalho (horas semanais):") -> Regime de trabalho (horas semanais): | D6: 30
A7: Origem do salário e/ou CCT: | G7: INSALUBRIDADE (10%, 20%, 40%) | I7: Não aplicável
A8: Cidade: | D8: Porto Alegre | G8: PERICULOSIDADE (30%) | I8: Não aplicável
A9: Salário Normativo | G9: =IF(D6="12x36","Vlr. Do salário e Regime de trabalho","Vlr. Do salário e nº de horas correspondentes") -> Vlr. Do salário e nº de horas correspondentes | H9: 180 | I9: 1869.5
A10: ISS | G10: =D8 -> Porto Alegre | H10: Alíquota | I10: 0.05
A11: Tarifa Transporte | G11: CCT | H11: Vr. Unitário | I11: 4.8
H12: Dias | I12: 22
H13: Desconto | I13: 0.06
A14: Auxílio Alimentação (Cláusula 18ª da CCT) | G14: CCT | H14: Vr. Unitário | I14: 0
H15: Dias | I15: 0
H16: Desconto | I16: 0
A17: Auxílio Lanche (Cláusula 19ª da CCT) | G17: CCT | H17: Vr. Unitário | I17: 12.71
H18: Dias | I18: 22
H19: Desconto | I19: 0.19
A20: PLANO DE BENEFÍCIO SOCIAL FAMILIAR (Cláusula 29ª da CCT) | G20: CCT | H20: Valor mensal | I20: 19.42
A21: Adicional de Supervisor | H21: Porcentagem | I21: Não aplicável
A22: Base de cálculo da insalubridade: salário normativo proporcional conforme Parecer da PGE/RS nº 18200-20. Atentar-se para a observação 2 do Anexo I - Folha de Dados (CGL 12.1.2). | H22: Valor | I22: Não aplicável
A23: Hora Intervalar | H23: Horas por mês | I23: Não aplicável
A24: Sem fornecimento de materiais ou apenas fornecimento de EPIs ou uniformes, utilizar 10%. Com fornecimento de materiais ou equipamentos, utilizar 20%. (Decreto 52.768/2015, alterado pelo Decreto 53.424/2017) | H24: Porcentagem | I24: 0.1
A26: MONTANTE A
A27: I | B27: Remuneração - Grupo I | H27: % | I27: Valor Mensal/unidade de serviço (R$)
A28: 1 | B28: Salário | H28: =I28/$I$37 -> 1 | I28: =IF(D6="12x36",I9,I9/H9*I5) -> 1557.9167
A29: =A28+1 -> 2 | B29: Adicional Noturno 20% (Ver súmula 60 TST) | H29: =I29/$I$37 -> 0 | I29: 0
A30: =A29+1 -> 3 | B30: Adicional Periculosidade 30% (Ver súmulas 364, 132 e 191 do TST) | H30: =I30/$I$37 -> 0 | I30: =IF(I8=30%,I28*I8,0) -> 0
A31: =A30+1 -> 4 | B31: Adicional Insalubridade 10% (Ver súmula 228 e 139 TST) | H31: =I31/$I$37 -> 0 | I31: =IF(I7=10%,I22*I7,0) -> 0
A32: =A31+1 -> 5 | B32: Adicional Insalubridade 20% (Ver súmula 228 e 139 TST) | H32: =I32/$I$37 -> 0 | I32: =IF(I7=20%,I22*I7,0) -> 0
A33: =A32+1 -> 6 | B33: Adicional Insalubridade 40% (Ver súmula 228 e 139 TST) | H33: =I33/$I$37 -> 0 | I33: =IF(I7=40%,I22*I7,0) -> 0
A34: =A33+1 -> 7 | B34: Adicional de Supervisor | H34: =I34/$I$37 -> 0 | I34: =IF(I21="Não aplicável",0,I28*I21) -> 0
A35: =A34+1 -> 8 | B35: DSR - Descanso Semanal Remunerado | H35: =I35/$I$37 -> 0 | I35: 0
A36: =A35+1 -> 9 | B36: =IF(D6="12x36","Para postos 12x36 os feriados são considerados compensados, conforme parágrafo único, Art. 59-A da CLT","Outros") -> Outros | H36: =I36/$I$37 -> 0 | I36: 0
A37: Total de Remuneração | H37: =SUM(H28:H36) -> 1 | I37: =SUM(I28:I36) -> 1557.9167
A39: II | B39: Encargos Sociais - Grupo II: Obrigações Sociais | H39: % | I39: Valor Mensal/unidade de serviço (R$)
A40: 1 | B40: INSS (art. 22, inc. I, Lei nº 8.212/91) | H40: ='Aux Serv Adm 40h Canoas'!H40 -> 0.2 | I40: =$I$37*H40 -> 311.58333
A41: 2 | B41: SESI ou SESC (art. 30, Lei nº 8.036/90) | H41: 0.015 | I41: =$I$37*H41 -> 23.36875
A42: 3 | B42: SENAI ou SENAC (Decreto-Lei nº 2.318/86) | H42: 0.01 | I42: =$I$37*H42 -> 15.579167
A43: 4 | B43: INCRA (art. 15I, Lei Complementar nº 011/71) | H43: 0.002 | I43: =$I$37*H43 -> 3.1158333
A44: 5 | B44: SALÁRIO EDUCAÇÃO (art. , inc. I, Decreto nº 87.043/82) | H44: 0.025 | I44: =$I$37*H44 -> 38.947917
A45: 6 | B45: FGTS (art. 15, Lei nº 8.036/90) | H45: 0.08 | I45: =$I$37*H45 -> 124.63333
A46: 7 | B46: SEG. ACIDENTE DO TRABALHO 1%, 2% e 3% (art. 22, inc. II, alíneas "b" e "c", da Lei nº 8.212/91) | H46: ='Aux Serv Adm 40h Canoas'!H46 -> 0.03 | I46: =$I$37*H46 -> 46.7375
A47: 8 | B47: SEBRAE (§ 3º, art. 8º, Lei nº 8.029/90) | H47: 0.006 | I47: =$I$37*H47 -> 9.3475
A48: Total do Grupo II | H48: =SUM(H40:H47) -> 0.368 | I48: =SUM(I40:I47) -> 573.31333
A49: Os percentuais para o SAT podem variar de 0,50% a 6,00% em função do Fator de Acidente Previdenciário (FAP), Decreto nº 6.957/2009
A50: Deverá obrigatoriamente acompanhar a proposta de preços e a planilha de custos e formação de preços a prova do Fator Acidentário de Prevenção – FAP por meio de impressão de consulta ao site do Ministério da Previdência Social (que pode ser obtido no endereço eletrônico http://www2.dataprev.gov.br/fap/fap.htm), independentemente de alteração da alíquota da parcela do Seguro Acidente de Trabalho disposta no Quadro II da referida planilha.
A51: III | B51: Encargos Sociais - Grupo III: Tempo Não Trabalhado | H51: % | I51: Valor Mensal/unidade de serviço (R$)
A52: 1 | B52: FÉRIAS GOZADAS + ADICIONAL DE FÉRIAS | H52: 0.119314 | I52: =$I$37*H52 -> 185.88127
A53: 2 | B53: FALTAS ABONADAS (3) | H53: 0.020479 | I53: =$I$37*H53 -> 31.904575
A54: 3 | B54: FALTAS LEGAIS (4) | H54: 0.012123 | I54: =$I$37*H54 -> 18.886624
A55: 4 | B55: LICENÇA MATERNIDADE | H55: 0.011436 | I55: =$I$37*H55 -> 17.816335
A56: 5 | B56: LICENÇA PATERNIDADE | H56: 0.000174 | I56: =$I$37*H56 -> 0.2710775
A57: 6 | B57: ACIDENTE DE TRABALHO | H57: 0.000442 | I57: =$I$37*H57 -> 0.68859917
A58: 7 | B58: AVISO PRÉVIO TRABALHADO | H58: 0.000185 | I58: =$I$37*H58 -> 0.28821458
A59: 8 | B59: 13º SALÁRIO | H59: 0.09079 | I59: =$I$37*H59 -> 141.44325
A60: Total do Grupo III | H60: =SUM(H52:H59) -> 0.254943 | I60: =SUM(I52:I59) -> 397.17995
A61: (3) | B61: Faltas Justificadas por Auxílio Doença
A62: (4) | B62: Faltas Legais - Art. 473 CLT
A63: IV | B63: Encargos Sociais - Grupo IV: Indenizações | H63: % | I63: Valor Mensal/unidade de serviço (R$)
A64: 1 | B64: INDENIZAÇÕES | H64: 0.023627 | I64: =$I$37*H64 -> 36.808897
A65: 2 | B65: FGTS SOBRE INDENIZAÇÕES | H65: 0.001717 | I65: =$I$37*H65 -> 2.6749429
A66: 3 | B66: INDENIZAÇÃO COMPENSATÓRIA POR DEMISSÃO SEM JUSTA CAUSA | H66: 0.009451 | I66: =$I$37*H66 -> 14.72387
A67: Total do Grupo IV | H67: =SUM(H64:H66) -> 0.034795 | I67: =SUM(I64:I66) -> 54.20771
A69: V | B69: Encargos Sociais - Grupo V: Incidências | H69: % | I69: Valor Mensal/unidade de serviço (R$)
A70: 1 | B70: INCIDÊNCIA GRUPO II (Obrigações Sociais) X GRUPO III (Tempo Não Trabalhado) | H70: =(H48*H60) -> 0.093819024 | I70: =$I$37*H70 -> 146.16222
A71: Total do Grupo V | H71: =SUM(H70:H70) -> 0.093819024 | I71: =I70 -> 146.16222
A73: TOTAL DOS ENCAGOS SOCIAIS (II + III + IV + V) | H73: =H48+H60+H67+H71 -> 0.75155702 | I73: =I48+I60+I67+I71 -> 1170.8632
A75: VI | B75: Demais custos relativos à Norma Coletiva ou Disposições Legais - Grupo VI | H75: % | I75: Valor Mensal/unidade de serviço (R$)
A76: 1 | B76: Auxílio Alimentação | H76: =I76/$I$37 -> 0 | I76: =I93 -> 0
A77: 2 | B77: Auxílio Lanche | H77: =I77/$I$37 -> 0.14538146 | I77: =I89 -> 226.4922
A78: 3 | B78: Vale-Transporte | H78: =I78/$I$37 -> 0.075565659 | I78: =I85 -> 117.725
A79: 4 | B79: Adicional Intervalar | H79: =I79/$I$37 -> 0 | I79: =IF(I23="Não aplicável",0,((I9/H9)*1.5*I23)) -> 0
A80: 5 | B80: Outros | H80: =I80/$I$37 -> 0 | I80: 0
A81: Total do Grupo VI | H81: =SUM(H76:H80) -> 0.22094712 | I81: =SUM(I76:I80) -> 344.2172
A83: MEMÓRIA DE CÁLCULO DO VALE TRANSPORTE
A84: Valor Unitário | C84: Dias de Trabalho | D84: Vale p/dia | E84: Custo total | F84: Base de cálculo | G84: Percentual de desconto | H84: Valor desconto | I84: Custo efetivo
A85: =I11 -> 4.8 | C85: =I12 -> 22 | D85: 2 | E85: =A85*C85*D85 -> 211.2 | F85: =I28 -> 1557.9167 | G85: =I13 -> 0.06 | H85: =F85*G85 -> 93.475 | I85: =IF((E85-H85)>0,E85-H85,0) -> 117.725
A87: MEMÓRIA DE CÁLCULO DO VALE LANCHE
A88: Valor Unitário | C88: Dias por mês | D88: Vale p/dia | E88: Custo total | F88: Base de cálculo | G88: Percentual de desconto | H88: Valor desconto | I88: Custo efetivo
A89: =I17 -> 12.71 | C89: =I18 -> 22 | D89: 1 | E89: =A89*C89*D89 -> 279.62 | F89: =E89 -> 279.62 | G89: =I19 -> 0.19 | H89: =F89*G89 -> 53.1278 | I89: =E89-H89 -> 226.4922
A91: MEMÓRIA DE CÁLCULO DO VALE ALIMENTAÇÃO
A92: Valor Unitário | C92: Dias por mês | D92: Vale p/dia | E92: Custo total | F92: Base de cálculo | G92: Percentual de desconto | H92: =H84 -> Valor desconto | I92: Custo efetivo
A93: =I14 -> 0 | C93: =I15 -> 0 | D93: 1 | E93: =A93*C93*D93 -> 0 | F93: =E93 -> 0 | G93: =I16 -> 0 | H93: =F93*G93 -> 0 | I93: =E93-H93 -> 0
A95: TOTAL DO MONTANTE A (I + II + III+ IV + V +VI) | H95: =H37+H73+H81 -> 1.9725041 | I95: =I37+I73+I81 -> 3072.9971
A97: MONTANTE B
A98: I | B98: Despesas Diretas | H98: % | I98: Valor Mensal/unidade de serviço (R$)
A99: 1 | B99: Transporte (5) | H99: =I99/$I$110 -> 0 | I99: 0
A100: 2 | B100: Uniformes/EPI (5a) | H100: =I100/$I$110 -> 0.029530276 | I100: 87.27
A101: 3 | B101: Seguro de vida | H101: =I101/$I$110 -> 0 | I101: 0 | K101: =Resumo!G16 -> 541580.23
A102: 4 | B102: Materiais/Equipamentos | H102: =I102/$I$110 -> 0 | I102: ='Aux Serv Adm 40h Canoas'!I102 -> 0
A103: 5 | B103: Mobilização (6) | H103: =I103/$I$110 -> 0 | I103: 0
A104: 6 | B104: Outros (especificar) | H104: =I104/$I$110 -> 0 | I104: 0
A105: Total de Despesas Diretas | H105: =H99+H100+H101+H102+H103+H104 -> 0.029530276 | I105: =SUM(I99:I104) -> 87.27
B106: (5) Somente será preenchido quando o licitante fornecer transporte próprio (5a) EPI - Equipamento de Proteção Individual (6) Tais custos de mobilização não são renováveis, devendo ser eliminados após o primeiro ano de contrato caso haja prorrogação
A108: LIMITE QUADRO I (Despesas Diretas) sobre Montante A (exceto Vale-transporte), conforme alíneas "b.2" e "b.3", Inc. II, art. 7º, do Decreto 52.768/2015, alterado pelo Decreto 53.424/2017: 10% SEM MATERIAIS/EQUIPAMENTOS; 20% COM MATERIAIS/EQUIPAMENTOS | F108: =I24 -> 0.1 | G108: =I110*F108 -> 295.52721 | H108: Dedução Vale Transporte | I108: =I78 -> 117.725
A109: Remuneração (Grupo I) | C109: Obrigações Sociais (Grupo II) | D109: Tempo Não Trabalhado (Grupo III) | E109: Indenizações (Grupo IV) | F109: Incidências (Grupo V) | G109: Demais Custos CCT | H109: Total Montante A | I109: Base de Cálculo
A110: =I37 -> 1557.9167 | C110: =I48 -> 573.31333 | D110: =I60 -> 397.17995 | E110: =I67 -> 54.20771 | F110: =I71 -> 146.16222 | G110: =I81 -> 344.2172 | H110: =A110+C110+D110+E110+F110+G110 -> 3072.9971 | I110: =H110-I108 -> 2955.2721
A112: II | B112: Despesas Indiretas | H112: % | I112: Valor Mensal/unidade de serviço (R$)
A113: 1 | B113: Despesas Administrativas | H113: =I113/$I$123 -> 0 | I113: ='Aux Serv Adm 40h Canoas'!I113 -> 0
...

Sheet Resumo
A3: Função | B3: Cidade | C3: Carga Horária Diária | D3: Dias da semana | E3: Valor Unitário | F3: Nº de Postos | G3: Valor Mensal | I3: Descrição | J3: Horas Semanais | K3: Remuneração | L3: Montante A | M3: Montante B | N3: Montante C | O3: Total A+B+C | P3: Postos | Q3: Montante A | R3: Montante B | S3: Montante C | T3: Total A+B+C
A4: Telefonista | B4: Porto Alegre | C4: 6h | D4: seg-sex | E4: ='Telefonista 30h'!I169 -> 3685.4427 | F4: 2 | G4: =F4*E4 -> 7370.8853 | I4: =A4 -> Telefonista | J4: 30 | K4: ='Telefonista 30h'!I37 -> 1557.9167 | L4: ='Telefonista 30h'!I153 -> 3072.9971 | M4: ='Telefonista 30h'!I159 -> 87.27 | N4: ='Telefonista 30h'!I163 -> 525.17558 | O4: =SUM(L4:N4) -> 3685.4427 | P4: =F4 -> 2 | Q4: =+L4*P4 -> 6145.9942 | R4: =+M4*P4 -> 174.54 | S4: =+N4*P4 -> 1050.3512 | T4: =SUM(Q4:S4) -> 7370.8853
A5: Auxiliar de Serviços Administrativos | B5: Canoas | C5: 8h | D5: seg-sex | E5: ='Aux Serv Adm 40h Canoas'!I169 -> 4544.1179 | F5: 5 | G5: =F5*E5 -> 22720.59 | I5: Auxiliar de Serviços Administrativos Canoas | J5: 40 | K5: ='Aux Serv Adm 40h Canoas'!I37 -> 1964.6273 | L5: ='Aux Serv Adm 40h Canoas'!I153 -> 3987.4635 | M5: ='Aux Serv Adm 40h Canoas'!I159 -> 0 | N5: ='Aux Serv Adm 40h Canoas'!I163 -> 556.65444 | O5: =SUM(L5:N5) -> 4544.1179 | P5: 5 | Q5: =+L5*P5 -> 19937.317 | R5: =+M5*P5 -> 0 | S5: =+N5*P5 -> 2783.2722 | T5: =SUM(Q5:S5) -> 22720.59
A6: Auxiliar de Serviços Administrativos | B6: Porto Alegre | C6: 8h | D6: seg-sex | E6: ='Aux Serv Adm 40h PoA'!I169 -> 4650.1032 | F6: 75 | G6: =F6*E6 -> 348757.74 | I6: Auxiliar de Serviços Administrativos Poa | J6: 40 | K6: ='Aux Serv Adm 40h PoA'!I37 -> 1964.6273 | L6: ='Aux Serv Adm 40h PoA'!I153 -> 3987.4635 | M6: ='Aux Serv Adm 40h PoA'!I159 -> 0 | N6: ='Aux Serv Adm 40h PoA'!I163 -> 662.6397 | O6: =SUM(L6:N6) -> 4650.1032 | P6: 75 | Q6: =+L6*P6 -> 299059.76 | R6: =+M6*P6 -> 0 | S6: =+N6*P6 -> 49697.978 | T6: =SUM(Q6:S6) -> 348757.74
A7: Supervisor | B7: Porto Alegre | C7: 8h48min | D7: seg-sex | E7: ='Supervisor 44h'!I169 -> 6670.9529 | F7: 1 | G7: =F7*E7 -> 6670.9529 | I7: =A7 -> Supervisor | J7: 44 | K7: ='Supervisor 44h'!I37 -> 2960.6933 | L7: ='Supervisor 44h'!I153 -> 5720.3421 | M7: ='Supervisor 44h'!I159 -> 0 | N7: ='Supervisor 44h'!I163 -> 950.61079 | O7: =SUM(L7:N7) -> 6670.9529 | P7: =F7 -> 1 | Q7: =+L7*P7 -> 5720.3421 | R7: =+M7*P7 -> 0 | S7: =+N7*P7 -> 950.61079 | T7: =SUM(Q7:S7) -> 6670.9529
A8: Auxiliar de Supervisor – Líder | B8: Canoas | C8: 8h48min | D8: seg-sex | E8: ='Aux Sup 44h Canoas '!I169 -> 6216.9494 | F8: 1 | G8: =F8*E8 -> 6216.9494 | I8: Auxiliar de Supervisor – Líder Canoas | J8: 44 | K8: ='Aux Sup 44h Canoas '!I37 -> 2809.417 | L8: ='Aux Sup 44h Canoas '!I153 -> 5455.3731 | M8: ='Aux Sup 44h Canoas '!I159 -> 0 | N8: ='Aux Sup 44h Canoas '!I163 -> 761.5763 | O8: =SUM(L8:N8) -> 6216.9494 | P8: =F8 -> 1 | Q8: =+L8*P8 -> 5455.3731 | R8: =+M8*P8 -> 0 | S8: =+N8*P8 -> 761.5763 | T8: =SUM(Q8:S8) -> 6216.9494
A9: Auxiliar de Supervisor – Líder | B9: Porto Alegre | C9: 8h48min | D9: seg-sex | E9: ='Aux. de Superv. 44h'!I169 -> 6361.9511 | F9: 13 | G9: =F9*E9 -> 82705.364 | I9: Auxiliar de Supervisor – Líder Poa | J9: 44 | K9: ='Aux. de Superv. 44h'!I37 -> 2809.417 | L9: ='Aux. de Superv. 44h'!I153 -> 5455.3731 | M9: ='Aux. de Superv. 44h'!I159 -> 0 | N9: ='Aux. de Superv. 44h'!I163 -> 906.57803 | O9: =SUM(L9:N9) -> 6361.9511 | P9: =F9 -> 13 | Q9: =+L9*P9 -> 70919.85 | R9: =+M9*P9 -> 0 | S9: =+N9*P9 -> 11785.514 | T9: =SUM(Q9:S9) -> 82705.364
A10: Técnico em manutenção de software e hardware | B10: Porto Alegre | C10: 8h48min | D10: seg-sex | E10: ='Tec em Manut e de Rede 44h'!I169 -> 5147.3475 | F10: 2 | G10: =F10*E10 -> 10294.695 | I10: =A10 -> Técnico em manutenção de software e hardware | J10: 44 | K10: ='Tec em Manut e de Rede 44h'!I37 -> 2248.03 | L10: ='Tec em Manut e de Rede 44h'!I153 -> 4568.2709 | M10: ='Tec em Manut e de Rede 44h'!I159 -> 0 | N10: ='Tec em Manut e de Rede 44h'!I163 -> 579.0766 | O10: =SUM(L10:N10) -> 5147.3475 | P10: =F10 -> 2 | Q10: =+L10*P10 -> 9136.5419 | R10: =+M10*P10 -> 0 | S10: =+N10*P10 -> 1158.1532 | T10: =SUM(Q10:S10) -> 10294.695
A11: Analista de Banco de Dados | B11: Porto Alegre | C11: 8h48min | D11: seg-sex | E11: ='An. Banco Dados e de Sist. 44h'!I169 -> 9572.2411 | F11: 1 | G11: =F11*E11 -> 9572.2411 | I11: =A11 -> Analista de Banco de Dados | J11: 44 | K11: ='An. Banco Dados e de Sist. 44h'!I37 -> 4533.66 | L11: ='An. Banco Dados e de Sist. 44h'!I153 -> 8495.364 | M11: ='An. Banco Dados e de Sist. 44h'!I159 -> 0 | N11: ='An. Banco Dados e de Sist. 44h'!I163 -> 1076.8771 | O11: =SUM(L11:N11) -> 9572.2411 | P11: =F11 -> 1 | Q11: =+L11*P11 -> 8495.364 | R11: =+M11*P11 -> 0 | S11: =+N11*P11 -> 1076.8771 | T11: =SUM(Q11:S11) -> 9572.2411
A12: Analista de Desenvolvimento de Sistemas | B12: Porto Alegre | C12: 8h48min | D12: seg-sex | E12: ='An. Banco Dados e de Sist. 44h'!I169 -> 9572.2411 | F12: 2 | G12: =F12*E12 -> 19144.482 | I12: =A12 -> Analista de Desenvolvimento de Sistemas | J12: 44 | K12: ='An. Banco Dados e de Sist. 44h'!I37 -> 4533.66 | L12: ='An. Banco Dados e de Sist. 44h'!I153 -> 8495.364 | M12: ='An. Banco Dados e de Sist. 44h'!I159 -> 0 | N12: ='An. Banco Dados e de Sist. 44h'!I163 -> 1076.8771 | O12: =SUM(L12:N12) -> 9572.2411 | P12: =F12 -> 2 | Q12: =+L12*P12 -> 16990.728 | R12: =+M12*P12 -> 0 | S12: =+N12*P12 -> 2153.7543 | T12: =SUM(Q12:S12) -> 19144.482
A13: Técnico em Rede de Computadores | B13: Porto Alegre | C13: 8h48min | D13: seg-sex | E13: ='Tec em Manut e de Rede 44h'!I169 -> 5147.3475 | F13: 1 | G13: =F13*E13 -> 5147.3475 | I13: =A13 -> Técnico em Rede de Computadores | J13: 44 | K13: ='Tec em Manut e de Rede 44h'!I37 -> 2248.03 | L13: ='Tec em Manut e de Rede 44h'!I153 -> 4568.2709 | M13: ='Tec em Manut e de Rede 44h'!I159 -> 0 | N13: ='Tec em Manut e de Rede 44h'!I163 -> 579.0766 | O13: =SUM(L13:N13) -> 5147.3475 | P13: =F13 -> 1 | Q13: =+L13*P13 -> 4568.2709 | R13: =+M13*P13 -> 0 | S13: =+N13*P13 -> 579.0766 | T13: =SUM(Q13:S13) -> 5147.3475
A14: Programador | B14: Porto Alegre | C14: 8h48min | D14: seg-sex | E14: ='Programador 44h'!I169 -> 5859.6693 | F14: 1 | G14: =F14*E14 -> 5859.6693 | I14: =A14 -> Programador | J14: 44 | K14: ='Programador 44h'!I37 -> 2621.76 | L14: ='Programador 44h'!I153 -> 5200.4565 | M14: ='Programador 44h'!I159 -> 0 | N14: ='Programador 44h'!I163 -> 659.2128 | O14: =SUM(L14:N14) -> 5859.6693 | P14: =F14 -> 1 | Q14: =+L14*P14 -> 5200.4565 | R14: =+M14*P14 -> 0 | S14: =+N14*P14 -> 659.2128 | T14: =SUM(Q14:S14) -> 5859.6693
A15: Motorista | B15: Porto Alegre | C15: 8h48min | D15: seg-sex | E15: ='Motorista 44h'!I170 -> 5706.4383 | F15: 3 | G15: =F15*E15 -> 17119.315 | I15: =A15 -> Motorista | J15: 44 | K15: ='Motorista 44h'!I37 -> 2325.27 | L15: ='Motorista 44h'!I154 -> 4893.2708 | M15: ='Motorista 44h'!I160 -> 0 | N15: ='Motorista 44h'!I164 -> 813.16745 | O15: =SUM(L15:N15) -> 5706.4383 | P15: =F15 -> 3 | Q15: =+L15*P15 -> 14679.812 | R15: =+M15*P15 -> 0 | S15: =+N15*P15 -> 2439.5024 | T15: =SUM(Q15:S15) -> 17119.315
A16: TOTAL MENSAL | F16: =SUM(F4:F15) -> 107 | G16: =SUM(G4:G15) -> 541580.23 | I16: TOTAL | K16: =SUM(K4:K15) -> 32577.109 | L16: =SUM(L4:L15) -> 63900.01 | M16: =SUM(M4:M15) -> 87.27 | N16: =SUM(N4:N15) -> 9147.5226 | O16: =SUM(O4:O15) -> 73134.802 | P16: =SUM(P4:P15) -> 107 | Q16: =SUM(Q4:Q15) -> 466309.81 | R16: =SUM(R4:R15) -> 174.54 | ... T16: =SUM(T4:T15) -> 541580.23
